Workbook
Name A: 'Backup sheet'!$D$2
Name ab: 'Backup sheet'!$E$3:$E$4
Name AE: 'Backup sheet'!$H$2
Name AOE: 'Backup sheet'!$I$2:$I$8
Name B: 'Backup sheet'!$D$3
Name BL: 'Backup sheet'!$J$2
Name BND: 'Backup sheet'!$D$4:$D$6
Name BOB: 'Backup sheet'!$E$3:$E$5
Name BS: 'Backup sheet'!$E$5
Name BWS: 'Backup sheet'!$I$9
Name CSOD: 'Backup sheet'!$F$2:$F$5
Name D: 'Backup sheet'!$D:$D
Name DCD: 'Backup sheet'!$I$3:$I$8
Name DD: 'Backup sheet'!$D$4
Name Default: 'Backup sheet'!$K$2
Name EE: 'Backup sheet'!$D$5
Name FF: 'Backup sheet'!$D$6
Name gf: #REF!
Name JJ: 'Backup sheet'!$E$2
Name KK: 'Backup sheet'!$E$3
Name LC: 'Backup sheet'!$H$2:$H$3
Name LDC: 'Backup sheet'!$I$2:$I$9
Name LL: 'Backup sheet'!$E$4
Name MBW: 'Backup sheet'!$I$3:$I$9
Name MM: 'Backup sheet'!$E$6
Name MMM: 'Backup sheet'!$B$4
Name NA: 'Backup sheet'!$J$4
Name NL: 'Backup sheet'!$H$3
Name NN: 'Backup sheet'!$E$7
Name OB: 'Backup sheet'!$E$4:$E$5
Name OO: 'Backup sheet'!$E$8
Name s: #REF!
Name SSS: 'Backup sheet'!$G$2:$G$3
Name tcs: 'Backup sheet'!$B$3
Name Type: 'Backup sheet'!$A$2:$A$6
Name vv: 'Backup sheet'!$B$2
Name YNN: 'Backup sheet'!$J$2:$J$4

Sheet Backup sheet
A1: FIA - Type of Compliant | B1: IA Visit/Tele Call Verification Status | C1: If Tele Call Not Success | D1: Availability of Borrower | E1: Confirmed By | F1: Cash Siphoned Off Details (Drop Down) | G1: If TeleCall Success | H1: Loan Card | I1: Availability of Evidence
A2: Collection Amount Misappropriated | B2: Visited | C2: Invalid Number | D2: Borrower Available | E2: Borrower | F2: Safe Locker Cash Siphoned Off | G2: Borrower | H2: Available | I2: Loan Card | J2: Yes
A3: Pre-Closure Amount Misappropriated | B3: Tele Call Success | C3: Incoming Facility Barred | D3: Borrower Not Available | E3: Borrower Family Member | F3: Collection Entry done in FIMO without Collecting Amount from Borrower - Borrower Details Available | G3: Borrower Family Member | H3: Not Available | I3: Digital Payment | J3: No
A4: Disbursed Amount Recollected | B4: Tele Call Not Success | C4: No Answer | D4: Borrower Not Traceable | E4: Other Borrower | F4: Collection Entry done in FIMO without Collecting Amount from Borrower - Borrower Details Not Available | I4: Cash Receipt | J4: NA
A5: Advance Collection Amount Misappropriated | C5: Out of Coverage Area | D5: Borrower-Migrated | E5: Branch Staff | F5: Collection Entry done in FIMO without Collecting Amount from Borrower - Borrower Details Partial Available | I5: Delinquent Staff Written Statement
A6: Loan Amount Misappropriation | C6: Other Member | D6: Borrower Death | E6: Borrower Migrated | I6: Center Meeting Register
C7: Staff Mobile Number | E7: Borrower Not Treceable | I7: Handwritten Receipt
C8: Switched Off | E8: Borrower Death | I8: Multiple Evidence
C9: Wrong Number | I9: Borrower Written Statement

Sheet Fraud Investigation Report
A1: Spandana Sphoorty Financial Limited
A2: Fraud Risk Management Department
A3: Fraud Investigation Report Tracker Version 1.2
A4: Sr. No. | B4: Financial Year/Quarter (Formula) | C4: Branch Code (Formula) | D4: Branch Name (Formula) | E4: State (Formula) | F4: Region (Formula) | G4: Date of Identification (DD-MMM-YY) | H4: Identified by (IA/Business/HR/IT etc) (Drop Down) | I4: Date of Complaint Raised (DD-MMM-YY) | J4: Compliant Number (Formula) | K4: Initial No. of Borrowers Identified | L4: Preliminary Fraud Amount | M4: Preliminary Fraud Amount Recovered | N4: AH Name/ID | O4: RH Name/ID | P4: SH Name/ID | Q4: CBO/DCBO Name/ID | R4: Name of the Staff Involved (Formula) | S4: Employee Designation (Formula) | T4: Employee Code (Formula) | U4: Employee Current Status (Drop Down) | V4: Date, if Employee not available/not working (DD-MMM-YY) | W4: Type of Compliant (Formula) | X4: Multiple Complaints If any (Formula) | Y4: Fraud Investigation Status (Drop Down) | Z4: Start Date of Fraud Investigation (DD-MMM-YY) | AA4: End Date of Fraud Investigation (DD-MMM-YY) | AB4: Veification done by AH Name | AC4: Veification done by AH Emp Id | AD4: Number of borrowers verified by AH | AE4: Investigation done by IO Name | AF4: Investigation done by IO Emp ID | AG4: Number of borrowers verified by IO | AH4: Total No. of Borrowers Verified (Formula) | AI4: Total Fraud Amount (Post Investigation) (Formula) | AJ4: Total Amount Accounted (Amount updated in FIMO during Verification) (On or before Fraud Investigation) (Formula) | AK4: Total Amount Recovered (Amount Recovred from staff during FI) (On or before Fraud Investigation) (Formula) | AL4: Balance Net Fraud Amount to recover (Formula) | AM4: Total number of Borrowers Affected (Formula) | AN4: Investigation Report Submitted Date (DD-MMM-YY) | AO4: Investigation Officer Observations & Remarks
A5: 1 | B5: =IF(I5="", "", IF(MONTH(I5)>=4, "Q" & ROUNDUP((MONTH(I5)-3)/3,0) & " " & YEAR(I5)-2000 & "-" & YEAR(I5)-1999, "Q" & ROUNDUP((MONTH(I5)+9)/3,0) & " " & YEAR(I5)-2001 & "-" & YEAR(I5)-2000)) -> Q1 26-27 | C5: =IF('Physical Cash at Safe'!D28="Yes", 'Physical Cash at Safe'!B4, 'Borrower Wise Details'!B5) -> GA2702 | D5: =IF('Physical Cash at Safe'!D28="Yes", 'Physical Cash at Safe'!A4, 'Borrower Wise Details'!C5) -> Sanquelim | E5: =IF(D5="", "", IF(ISBLANK('Loan Outstanding Report'!B5), IF('Physical Cash at Safe'!D28="Yes", 'Physical Cash at Safe'!A6, ""), 'Loan Outstanding Report'!B5)) -> West | F5: =IF(D5="", "", IF(ISBLANK('Loan Outstanding Report'!C5), IF('Physical Cash at Safe'!D28="Yes", 'Physical Cash at Safe'!E4, ""), 'Loan Outstanding Report'!C5)) -> Maharashtra | G5: 46128 | H5: IA | I5: 46132 | J5: =IF('Physical Cash at Safe'!D28="Yes",'Physical Cash at Safe'!E28,IF('Borrower Wise Details'!D5<>"",'Borrower Wise Details'!D5,"")) -> FN26-27-00215 | K5: 1 | L5: 3830 | M5: 0 | N5: Sachin Anandrao Desai /SF0086978 | O5: Aniket Ajit Chiparge/SF0097792 | P5: Sudarshan Raosaheb Patil/SF0078799 | Q5: Umesh Kumar Sir/SF0088299 | R5: =IF('Physical Cash at Safe'!$D$28="Yes", 'Physical Cash at Safe'!$A$28, IF('Borrower Wise Details'!F5<>"", 'Borrower Wise Details'!F5, "")) -> Nikhil Nandkumar Kamble | S5: =IF('Physical Cash at Safe'!$D$28="Yes", 'Physical Cash at Safe'!$C$28, IF('Borrower Wise Details'!H5<>"", 'Borrower Wise Details'!H5, "")) -> Credit Assistant | T5: =IF('Physical Cash at Safe'!$D$28="Yes", 'Physical Cash at Safe'!$B$28, IF('Borrower Wise Details'!G5<>"", 'Borrower Wise Details'!G5, "")) -> SF0068399 | U5: Suspended-Not Working | V5: 46132 | W5: =IF('Physical Cash at Safe'!$D$28="Yes", "Safe Locker Cash Siphoned Off", IF('Borrower Wise Details'!$P$5<>"",'Borrower Wise Details'!$P$5,"") ) -> Collection Amount Misappropriated | X5: {=IF('Borrower Wise Details'!P5="","", IF('Physical Cash at Safe'!$D$28="Yes", IF(COUNT('Borrower Wise Details'!$P$5:$P$1003)<>"", IFERROR( _xlfn.TEXTJOIN("/",TRUE,_xlfn.UNIQUE(_xlfn._xlws.FILTER('Borrower Wise Details'!$P$5:$P$1003,'Borrower Wise Details'!$P$5:$P$1003<>""))), "" ), "" ), IF(COUNT('Borrower Wise Details'!$P$5:$P$1003)<>"", IFERROR( _xlfn.TEXTJOIN("/",TRUE,_xlfn.UNIQUE(_xlfn._xlws.FILTER('Borrower Wise Details'!$P$5:$P$1003,('Borrower Wise Details'!$P$5:$P$1003<>"")*('Borrower Wise Details'!$P$5:$P$1003<>INDEX(_xlfn._xlws.FILTER('Borrower Wise Details'!$P$5:$P$1003,'Borrower Wise Details'!$P$5:$P$1003<>""),1))))), "" ), "" ) ) )} | Z5: 46195 | AA5: 46197 | AB5: Vaibhav Bhoi | AC5: SF0044947 | AD5: 29 | AE5: Umesh Halmare | AF5: SF0031505 | AG5: 36 | AH5: {=IF(COUNTA('Loan Outstanding Report'!$BI$5:$BI$6000)=0,"",SUMPRODUCT(--(FREQUENCY(IF('Loan Outstanding Report'!$BI$5:$BI$6000<>"",MATCH('Loan Outstanding Report'!$S$5:$S$6000,'Loan Outstanding Report'!$S$5:$S$6000,0)),ROW('Loan Outstanding Report'!$S$5:$S$6000)-ROW('Loan Outstanding Report'!S5)+1)>0)))} -> 65 | AI5: {=IF(COUNTA('Borrower Wise Details'!$R$5:$R$1003)=0, "", IF('Physical Cash at Safe'!$D$28="Yes", 'Physical Cash at Safe'!$A$30 + SUM(SUMIFS('Borrower Wise Details'!$R$5:$R$1003, 'Borrower Wise Details'!$P$5:$P$1003, {"Collection Amount Misappropriated","Pre-Closure Amount Misappropriated","Disbursed Amount Recollected","Advance Collection Amount Misappropriated","Loan Amount Misappropriation"})), SUM(SUMIFS('Borrower Wise Details'!$R$5:$R$1003, 'Borrower Wise Details'!$P$5:$P$1003, {"Collection Amount Misappropriated","Pre-Closure Amount Misappropriated","Disbursed Amount Recollected","Advance Collection Amount Misappropriated","Loan Amount Misappropriation"})) ) )} -> 3830 | AJ5: 0 | AK5: {=IF(COUNTA('Borrower Wise Details'!$T$5:$T$1003)=0, "", IF('Physical Cash at Safe'!$D$28="Yes", 'Physical Cash at Safe'!$A$30 + SUM(SUMIFS('Borrower Wise Details'!$T$5:$T$1003, 'Borrower Wise Details'!$P$5:$P$1003, {"Collection Amount Misappropriated","Pre-Closure Amount Misappropriated","Disbursed Amount Recollected","Advance Collection Amount Misappropriated","Loan Amount Misappropriation"})), SUM(SUMIFS('Borrower Wise Details'!$T$5:$T$1003, 'Borrower Wise Details'!$P$5:$P$1003, {"Collection Amount Misappropriated","Pre-Closure Amount Misappropriated","Disbursed Amount Recollected","Advance Collection Amount Misappropriated","Loan Amount Misappropriation"})) ) )} -> 0 | AL5: =IFERROR(IF(COUNTA(AI:AK5)=0,"",AI5-(AJ5+AK5)),"") -> 3830 | AM5: {=IF(COUNTA('Borrower Wise Details'!$J$5:$J$1003)=0,"", SUMPRODUCT(--(FREQUENCY( IF(('Borrower Wise Details'!$J$5:$J$1003<>""),IF(ISNUMBER(SEARCH({"Collection Amount Misappropriated","Pre-Closure Amount Misappropriated","Disbursed Amount Recollected","Advance Collection Amount Misappropriated","Loan Amount Misappropriation"},'Borrower Wise Details'!$P$5:$P$1003)),MATCH('Borrower Wise Details'!$J$5:$J$1003,'Borrower Wise Details'!$J$5:$J$1003,0))), ROW('Borrower Wise Details'!$J$5:$J$1003)-ROW('Borrower Wise Details'!$J$5)+1)>0)))} -> 1 | AN5: 46213 | AO5: Credit Assistant Nikhil Nandkumar Kamble/SF0068399 was found involved in Collection Amount Misappropriation (Collected EMIs but not posted to concerned borrower accounts) on the names of One borrower for the amounting to Rs.3830/- based on the evidence available. Total Fraud Amount = Rs. 3830/- Recovered Amount = Rs. 00/- Net Fraud Amount = Rs. 3830/-

Sheet Cash Embezzelment
A1: Spandana Sphoorty Financial Limited
A2: Fraud Risk Management Department
A3: Cash Embezzlement by Branch Staff | H3: Type of Fraud Amount
A4: Sr. No. | B4: Branch ID (Formula) | C4: Branch Name (Formula) | D4: Fradulent Staff Name (Formula) | E4: Fradulent Staff Emp ID (Formula) | F4: Fraudulent Staff Designation (Formula) | G4: Complaint Number (Formula) | H4: Safe Locker Cash Siphoned Off (Formula) | I4: Collection Amount Misappropriated (Formula) | J4: Pre-Closure Amount Misappropriated (Formula) | K4: Disbursed Amount Recollected (Formula) | L4: Advance Collection Amount Misappropriated (Formula) | M4: Loan Amount Misappropriation (Formula) | N4: Total Fraud Amount (Formula) | O4: Recovery Amount (Formula) | P4: Net Fraud Amount (Formula) | Q4: Fraud details of CDL Product (If Any) | R4: Police Complant/FIR Status (Drop Down)
A5: 1 | B5: =IF('Fraud Investigation Report'!C5="", "", 'Fraud Investigation Report'!C5) -> GA2702 | C5: =IF('Fraud Investigation Report'!D5="", "", 'Fraud Investigation Report'!D5) -> Sanquelim | D5: =IF(OR('Fraud Investigation Report'!R5="", 'Fraud Investigation Report'!R5=0), "", 'Fraud Investigation Report'!R5) -> Nikhil Nandkumar Kamble | E5: =IF(OR('Fraud Investigation Report'!T5="", 'Fraud Investigation Report'!T5=0), "", 'Fraud Investigation Report'!T5) -> SF0068399 | F5: =IF(OR('Fraud Investigation Report'!S5="", 'Fraud Investigation Report'!S5=0), "", 'Fraud Investigation Report'!S5) -> Credit Assistant | G5: =IF('Fraud Investigation Report'!J5="", "", 'Fraud Investigation Report'!J5) -> FN26-27-00215 | H5: =IF(OR(ISNUMBER(SEARCH("Safe Locker Cash Siphoned Off",'Fraud Investigation Report'!W5)), ISNUMBER(SEARCH("Safe Locker Cash Siphoned Off",'Fraud Investigation Report'!X5))), 'Physical Cash at Safe'!$A$30, "") | I5: =IF(OR(ISNUMBER(SEARCH("Collection Amount Misappropriated",'Fraud Investigation Report'!W5)), ISNUMBER(SEARCH("Collection Amount Misappropriated",'Fraud Investigation Report'!X5))), SUMIFS('Borrower Wise Details'!$R$5:$R$1003, 'Borrower Wise Details'!$P$5:$P$1003, "Collection Amount Misappropriated"), "" ) -> 3830 | J5: =IF(OR(ISNUMBER(SEARCH("Pre-Closure Amount Misappropriated",'Fraud Investigation Report'!W5)), ISNUMBER(SEARCH("Pre-Closure Amount Misappropriated",'Fraud Investigation Report'!X5))), SUMIFS('Borrower Wise Details'!$R$5:$R$1003, 'Borrower Wise Details'!$P$5:$P$1003, "Pre-Closure Amount Misappropriated"), "" ) | K5: =IF(OR(ISNUMBER(SEARCH("Disbursed Amount Recollected",'Fraud Investigation Report'!W5)), ISNUMBER(SEARCH("Disbursed Amount Recollected",'Fraud Investigation Report'!X5))), SUMIFS('Borrower Wise Details'!$R$5:$R$1003, 'Borrower Wise Details'!$P$5:$P$1003, "Disbursed Amount Recollected"), "" ) | L5: =IF(OR(ISNUMBER(SEARCH("Advance Collection Amount Misappropriated",'Fraud Investigation Report'!W5)),ISNUMBER(SEARCH("Advance Collection Amount Misappropriated",'Fraud Investigation Report'!X5))), SUMIFS('Borrower Wise Details'!$R$5:$R$1003,'Borrower Wise Details'!$P$5:$P$1003,"Advance Collection Amount Misappropriated"), "" ) | M5: =IF(OR(ISNUMBER(SEARCH("Loan Amount Misappropriation",'Fraud Investigation Report'!W5)), ISNUMBER(SEARCH("Loan Amount Misappropriation",'Fraud Investigation Report'!X5))), SUMIFS('Borrower Wise Details'!$R$5:$R$1003, 'Borrower Wise Details'!$P$5:$P$1003, "Loan Amount Misappropriation"), "" ) | N5: =SUM(H5:M5) -> 3830 | O5: =IFERROR('Fraud Investigation Report'!AJ5+'Fraud Investigation Report'!AK5,"") -> 0 | P5: =IF(AND(N5="", O5=""), "", IF(O5="", N5, N5 - IF(ISNUMBER(O5), O5, 0))) -> 3830 | Q5: NA | R5: No Action Taken

Sheet Physical Cash at Safe
A1: Spandana Sphoorty Financial Limited
B2: Fraud Risk Management Department
A3: Branch Code | B3: Branch Name | C3: Area | D3: Region | E3: Zone
A4: GA2702 | B4: Sanquelim | C4: Margao | D4: Pune | E4: West
A5: State | B5: FIMO Opening Balance Date (DD-MMM-YY) | C5: Denomination Register Date (DD-MMM-YY) | D5: Date of Verification (DD-MMM-YY) | E5: Time of Verification (24 Hrs.) (HH:MM)
A6: Maharashtra | B6: 46195 | C6: 46195 | D6: 46195 | E6: 0.83333333
A7: Physical Cash Verification Certificate
A8: Note Denomination | B8: Cash as per FIMO | D8: Cash as per Physical Verification
B9: Number | C9: Amount (Rs.) | D9: Number | E9: Amount (Rs.)
A10: 2000 | C10: =B10*A10 -> 0 | E10: =D10*A10 -> 0
A11: 500 | B11: 5 | C11: =B11*A11 -> 2500 | D11: 5 | E11: =D11*A11 -> 2500
A12: 200 | B12: 0 | C12: =B12*A12 -> 0 | D12: 0 | E12: =D12*A12 -> 0
A13: 100 | B13: 0 | C13: =B13*A13 -> 0 | D13: 0 | E13: =D13*A13 -> 0
A14: 50 | B14: 1 | C14: =B14*A14 -> 50 | D14: 1 | E14: =D14*A14 -> 50
A15: 20 | B15: 1 | C15: =B15*A15 -> 20 | D15: 1 | E15: =D15*A15 -> 20
A16: 10 | B16: 0 | C16: =B16*A16 -> 0 | D16: 0 | E16: =D16*A16 -> 0
A17: 5 | B17: 0 | C17: =B17*A17 -> 0 | D17: 0 | E17: =D17*A17 -> 0
A18: All Coins | B18: 0 | C18: =B18 -> 0 | D18: 0 | E18: =D18 -> 0
B19: Total | C19: =SUM(C10:C18) -> 2570 | D19: Total | E19: =SUM(E10:E18) -> 2570
A20: Denomination Register Opening Cash Balance | C20: 0 | D20: Petty Expenses | E20: 0
A21: Collection Amount | C21: 0 | D21: Bank Deposit Amount | E21: 0
A22: Counter Fiet Notes (If Any) Mention Denomination in Remarks | C22: 0 | D22: Availability of Deposit Slip (Drop Down)
A23: Difference (Excess/Short) | C23: =(C19+C21)-(E20+E21)-E19 -> 0 | D23: Digital payment in Branch staff personal a/c Amount | E23: 0
A24: Investigation Officer Remarks for the Differences | B24: Physical Cash Tailed with FIMO
A25: Explanation provided by Branch Manager
A26: Physical Cash Siphoned Off Details
A27: Cash Siphoned Off by EMP Name | B27: Cash Siphoned Off by Emp ID | C27: Cash Siphoned Off by Emp Designation | D27: Cash Siphoned Off (Drop Down) | E27: Complaint Number
D28: No
A29: Cash Siphoned Off Amount (Gross Fraud) | B29: Recovery Amount | C29: Cash Siphoned Off Amount (Net Fraud) | D29: Cash Siphoned Off Details (Drop Down)
C30: =IF(AND(A30="",B30=""),"",A30-B30)
A32: Safe Keys Handled by (Drop Down) | B32: Dual Staff | C32: Updation of Key Register (Drop Down) | D32: Available & Updated
A33: "Right" Key Number | B33: 202 | C33: "Left" Key Number | D33: 268
A34: "Right" Key Holder Name (Physical) | B34: Malik Shabuddin Nadaf | C34: "Left" Key Holder Name (Physical) | D34: Parshuram Naik
A35: "Right" Key Holder Emp ID (Physical) | B35: SF0066450 | C35: "Left" Key Holder Emp ID (Physical) | D35: SF0103360
A36: "Right" Key Holder Designation (Physical) | B36: Branch Manager | C36: "Left" Key Holder Designation (Physical) | D36: Credit Assistant

Sheet Borrower Wise Details
A1: Spandana Sphoorty Financial Limited
A2: Fraud Risk Management Department
A3: Borrower Wise Details Ver 1.2 | E3: Home | F3: Loan O/s Report | U3: Home | V3: Loan O/s Report
A4: Sr. No. | B4: Branch Code (Formula) | C4: Branch Name (Formula) | D4: Complaint No. (Formula from 2 row) | E4: Date of IO Visit (DD/MMM/YY) | F4: Fradulent Staff Name (Formula from 2 row) | G4: Fradulent Staff Emp. ID (Formula from 2 row) | H4: Fraudulent Staff Designation (Formula from 2 row) | I4: Center Number | J4: Customer ID | K4: Borrower Name | L4: Loan ID | M4: Date of Disbursement as per FIMO (DD/MM/YY) | N4: Disbursed Amount as per FIMO | O4: Installment Amount as per FIMO | P4: Type of Amount Collected (Drop Down) | Q4: Date of Collection (DD/MM/YY) | R4: Total Amount Collected (Gross Fraud) | S4: Amount Adjusted & Accounted in FIMO | T4: Amount Recovered But "Not" Accounted in FIMO | U4: Difference Amount (Net Fraud) (Formula) | V4: Availability of Evidence | W4: Remarks (If Applicable)
A5: 1 | B5: =IF('Loan Outstanding Report'!$G$5="", "", 'Loan Outstanding Report'!$G$5) -> GA2702 | C5: =IF('Loan Outstanding Report'!$H$5="", "", 'Loan Outstanding Report'!$H$5) -> Sanquelim | D5: FN26-27-00215 | F5: Nikhil Nandkumar Kamble | G5: SF0068399 | H5: Credit Assistant | I5: Bicholim C12 | J5: SSF2335946 | K5: PRERANA PREMNANAND ROPUT | L5: 358342242 | M5: 30-Sep-2024 | N5: 72000 | O5: 3830 | P5: Collection Amount Misappropriated | Q5: 45693 | R5: 3830 | S5: 0 | T5: 0 | U5: =IF(AND(ISBLANK(R5),ISBLANK(S5),ISBLANK(T5)),"",R5-(S5+T5)) -> 3830 | V5: Loan Card | W5: As per loan card Credit Assistant SF0068399_Nikhil Nandkumar Kamble collected 01 EMI amount of total Rs.3,830/- on 05th february-2025 from the Borrower- Prerana Premnanad Roput for Loan No- 358342242, which were not posted in FIMO nor submitted at the branch.
A6: 2 | B6: =IF(J6<>"", $B$5, "") | C6: =IF(J6<>"", $C$5, "") | D6: =IF(J6<>"", $D$5, "") | F6: =IF(J6<>"", $F$5, "") | G6: =IF(J6<>"", $G$5, "") | H6: =IF(J6<>"", $H$5, "") | U6: =IF(AND(ISBLANK(R6),ISBLANK(S6),ISBLANK(T6)),"",R6-(S6+T6))
A7: 3 | B7: =IF(J7<>"", $B$5, "") | C7: =IF(J7<>"", $C$5, "") | D7: =IF(J7<>"", $D$5, "") | F7: =IF(J7<>"", $F$5, "") | G7: =IF(J7<>"", $G$5, "") | H7: =IF(J7<>"", $H$5, "") | U7: =IF(AND(ISBLANK(R7),ISBLANK(S7),ISBLANK(T7)),"",R7-(S7+T7))
A8: 4 | B8: =IF(J8<>"", $B$5, "") | C8: =IF(J8<>"", $C$5, "") | D8: =IF(J8<>"", $D$5, "") | F8: =IF(J8<>"", $F$5, "") | G8: =IF(J8<>"", $G$5, "") | H8: =IF(J8<>"", $H$5, "") | U8: =IF(AND(ISBLANK(R8),ISBLANK(S8),ISBLANK(T8)),"",R8-(S8+T8))
A9: 5 | B9: =IF(J9<>"", $B$5, "") | C9: =IF(J9<>"", $C$5, "") | D9: =IF(J9<>"", $D$5, "") | F9: =IF(J9<>"", $F$5, "") | G9: =IF(J9<>"", $G$5, "") | H9: =IF(J9<>"", $H$5, "") | U9: =IF(AND(ISBLANK(R9),ISBLANK(S9),ISBLANK(T9)),"",R9-(S9+T9))
A10: 6 | B10: =IF(J10<>"", $B$5, "") | C10: =IF(J10<>"", $C$5, "") | D10: =IF(J10<>"", $D$5, "") | F10: =IF(J10<>"", $F$5, "") | G10: =IF(J10<>"", $G$5, "") | H10: =IF(J10<>"", $H$5, "") | U10: =IF(AND(ISBLANK(R10),ISBLANK(S10),ISBLANK(T10)),"",R10-(S10+T10))
A11: 7 | B11: =IF(J11<>"", $B$5, "") | C11: =IF(J11<>"", $C$5, "") | D11: =IF(J11<>"", $D$5, "") | F11: =IF(J11<>"", $F$5, "") | G11: =IF(J11<>"", $G$5, "") | H11: =IF(J11<>"", $H$5, "") | U11: =IF(AND(ISBLANK(R11),ISBLANK(S11),ISBLANK(T11)),"",R11-(S11+T11))
A12: 8 | B12: =IF(J12<>"", $B$5, "") | C12: =IF(J12<>"", $C$5, "") | D12: =IF(J12<>"", $D$5, "") | F12: =IF(J12<>"", $F$5, "") | G12: =IF(J12<>"", $G$5, "") | H12: =IF(J12<>"", $H$5, "") | U12: =IF(AND(ISBLANK(R12),ISBLANK(S12),ISBLANK(T12)),"",R12-(S12+T12))
A13: 9 | B13: =IF(J13<>"", $B$5, "") | C13: =IF(J13<>"", $C$5, "") | D13: =IF(J13<>"", $D$5, "") | F13: =IF(J13<>"", $F$5, "") | G13: =IF(J13<>"", $G$5, "") | H13: =IF(J13<>"", $H$5, "") | U13: =IF(AND(ISBLANK(R13),ISBLANK(S13),ISBLANK(T13)),"",R13-(S13+T13))
A14: 10 | B14: =IF(J14<>"", $B$5, "") | C14: =IF(J14<>"", $C$5, "") | D14: =IF(J14<>"", $D$5, "") | F14: =IF(J14<>"", $F$5, "") | G14: =IF(J14<>"", $G$5, "") | H14: =IF(J14<>"", $H$5, "") | U14: =IF(AND(ISBLANK(R14),ISBLANK(S14),ISBLANK(T14)),"",R14-(S14+T14))
A15: 11 | B15: =IF(J15<>"", $B$5, "") | C15: =IF(J15<>"", $C$5, "") | D15: =IF(J15<>"", $D$5, "") | F15: =IF(J15<>"", $F$5, "") | G15: =IF(J15<>"", $G$5, "") | H15: =IF(J15<>"", $H$5, "") | U15: =IF(AND(ISBLANK(R15),ISBLANK(S15),ISBLANK(T15)),"",R15-(S15+T15))
A16: 12 | B16: =IF(J16<>"", $B$5, "") | C16: =IF(J16<>"", $C$5, "") | D16: =IF(J16<>"", $D$5, "") | F16: =IF(J16<>"", $F$5, "") | G16: =IF(J16<>"", $G$5, "") | H16: =IF(J16<>"", $H$5, "") | U16: =IF(AND(ISBLANK(R16),ISBLANK(S16),ISBLANK(T16)),"",R16-(S16+T16))
A17: 13 | B17: =IF(J17<>"", $B$5, "") | C17: =IF(J17<>"", $C$5, "") | D17: =IF(J17<>"", $D$5, "") | F17: =IF(J17<>"", $F$5, "") | G17: =IF(J17<>"", $G$5, "") | H17: =IF(J17<>"", $H$5, "") | U17: =IF(AND(ISBLANK(R17),ISBLANK(S17),ISBLANK(T17)),"",R17-(S17+T17))
... A103: 99 | B103: =IF(J103<>"", $B$5, "") | C103: =IF(J103<>"", $C$5, "") | D103: =IF(J103<>"", $D$5, "") | F103: =IF(J103<>"", $F$5, "") | G103: =IF(J103<>"", $G$5, "") | H103: =IF(J103<>"", $H$5, "") | U103: =IF(AND(ISBLANK(R103),ISBLANK(S103),ISBLANK(T103)),"",R103-(S103+T103))
A104: 100 | B104: =IF(J104<>"", $B$5, "") | H104: =IF(J104<>"", $H$5, "") | U104: =IF(AND(ISBLANK(R104),ISBLANK(S104),ISBLANK(T104)),"",R104-(S104+T104))
A105: 101 | U105: =IF(AND(ISBLANK(R105),ISBLANK(S105),ISBLANK(T105)),"",R105-(S105+T105))
A106: 102 | U106: =IF(AND(ISBLANK(R106),ISBLANK(S106),ISBLANK(T106)),"",R106-(S106+T106))
A107: 103 | U107: =IF(AND(ISBLANK(R107),ISBLANK(S107),ISBLANK(T107)),"",R107-(S107+T107))
A108: 104 | U108: =IF(AND(ISBLANK(R108),ISBLANK(S108),ISBLANK(T108)),"",R108-(S108+T108))
A109: 105 | U109: =IF(AND(ISBLANK(R109),ISBLANK(S109),ISBLANK(T109)),"",R109-(S109+T109))
A110: 106 | U110: =IF(AND(ISBLANK(R110),ISBLANK(S110),ISBLANK(T110)),"",R110-(S110+T110))
A111: 107 | U111: =IF(AND(ISBLANK(R111),ISBLANK(S111),ISBLANK(T111)),"",R111-(S111+T111))
A112: 108 | U112: =IF(AND(ISBLANK(R112),ISBLANK(S112),ISBLANK(T112)),"",R112-(S112+T112))
A113: 109 | U113: =IF(AND(ISBLANK(R113),ISBLANK(S113),ISBLANK(T113)),"",R113-(S113+T113))
A114: 110 | U114: =IF(AND(ISBLANK(R114),ISBLANK(S114),ISBLANK(T114)),"",R114-(S114+T114))
A115: 111 | U115: =IF(AND(ISBLANK(R115),ISBLANK(S115),ISBLANK(T115)),"",R115-(S115+T115))
A116: 112 | U116: =IF(AND(ISBLANK(R116),ISBLANK(S116),ISBLANK(T116)),"",R116-(S116+T116))
... A1003: 999 | U1003: =IF(AND(ISBLANK(R1003),ISBLANK(S1003),ISBLANK(T1003)),"",R1003-(S1003+T1003))

Sheet Loan Outstanding Report
A1: From Date : 22 June 2026
A2: To Date : 22 June 2026
A3: Reporting Time : Monday, June 22, 2026 9:37 AM | BG3: Home | BH3: Borrower Wise Details | BP3: Home | BQ3: Borrower Wise Details
A4: S No | B4: Zone | C4: State | D4: Region | E4: Area | F4: Cluster | G4: Branch Code | H4: Branch | I4: Village Id | J4: Village | K4: Village ID | L4: CSR EMP ID | M4: CSR NAME | N4: Center Id | O4: Center Number | P4: Group ID | Q4: Group Name | R4: Product Name | S4: Cust ID | T4: UCIC | U4: Caste | V4: Religion | W4: PPI Score | X4: Loan purpose | Y4: Loan No. | Z4: Customer Name | AA4: Disb date | AB4: Loan Amount | AC4: Center Meeting Date | AD4: No of Instalments | AE4: Loan Cycle | AF4: Vintage | AG4: Client Formation Date | AH4: Vintage Bracket | AI4: First Installment Date | AJ4: First EMI amount | AK4: Second EMI amount | AL4: Last Repaid Date | AM4: Principal Collection | AN4: Interest Collection | AO4: Total Collection | AP4: Outstanding Principal | AQ4: Outstanding Interest | AR4: Outstanding Total | AS4: Over Due Prin | AT4: Over Due Int | AU4: Over Due Total | AV4: No of Installments Paid | AW4: OD days | AX4: Ageing Bucket | AY4: Last Prepayment Date | AZ4: Prepayment Prin | BA4: Prepayment Interest | BB4: Loan Status | BC4: Death Flag | BD4: Woff date | BE4: Woff Amount | BF4: Ucic | BG4: Borrower Mobile Number | BH4: IO Staff Name/ID (Ex: Ganesh/SF0072845) | BI4: Verification Status (Drop Down) | BJ4: IO Visited Date (DD-MMM-YY) | BK4: Availability of Borrower (Dropdown) | BL4: Confirmed By (Drop Down) | BM4: Availability of Loan Card (Drop Down) | BN4: Cash Misappropriation Status (Drop Down) | BO4: Total Fraud Amount | BP4: Availability of Evidence (Drop Down) | BQ4: Remarks
A5: 1 | B5: West | C5: Maharashtra | D5: Pune | E5: Margao | F5: Margao | G5: GA2702 | H5: Sanquelim | I5: 38667 | J5: Cumbarjua | K5: 38667 | L5: SF0101636 | M5: Ramesh Suresh Milaganavar | N5: 58290 | O5: 513030 | P5: 85588 | Q5: PUSHPA DEVI | R5: Chetana | S5: SID951372997097 | T5: SID951372997097 | U5: EBC | V5: HINDU | W5: 0 | X5: Agriculture & Farming | Y5: 357443768 | Z5: CHOTI DEVI | AA5: 26-Jun-2024 | AB5: 80000 | AC5: 10 | AD5: 24 | AE5: GL-5 | AF5: 8.72 Yrs | AG5: 12 Apr 2019 | AH5: > 6 to 10 Years | AI5: 10-Aug-2024 | AJ5: 4270 | AK5: 4270 | AL5: 24-Dec-2025 | AM5: 51330.89 | AN5: 21259.11 | AO5: 72590 | AP5: 28669.11 | AQ5: 2508.89 | AR5: 31178 | AS5: 23223.25 | AT5: 2396.75 | AU5: 25620 | AV5: 23 | BB5: Open | BE5: 0 | BF5: SID951372997097 | BG5: 8789800814 | BH5: Umesh Halmare/SF0031505 | BI5: Visited | BJ5: 46196 | BK5: Borrower Available | BL5: Borrower | BM5: Not Available | BN5: No | BQ5: Borrower gave loan to family relative which not paid the instalment
A6: 2 | B6: West | C6: Maharashtra | D6: Pune | E6: Margao | F6: Margao | G6: GA2702 | H6: Sanquelim | I6: 38596 | J6: Sanquelim | K6: 38596 | L6: SF0103360 | M6: Parshuram Sitaram Naik | N6: 58182 | O6: 464477 | P6: 85465 | Q6: NAGNATH | R6: Chetana | S6: CID102000895 | T6: CID102000895 | U6: OBC | V6: MUSLIM | W6: 0 | X6: Agriculture & Farming | Y6: 357326622 | Z6: HUSEINBI KUNTOJI | AA6: 18-Jun-2024 | AB6: 80000 | AC6: 6 | AD6: 24 | AE6: GL-9 | AF6: 3.58 Yrs | AG6: 16 Sep 2020 | AH6: > 2 to 4 Years | AI6: 06-Aug-2024 | AJ6: 4230 | AK6: 4230 | AL6: 18-Jun-2026 | AM6: 70305.88 | AN6: 22784.12 | AO6: 93090 | AP6: 9694.12 | AQ6: 279.88 | AR6: 9974 | AS6: 4032.4 | AT6: 167.6 | AU6: 4200 | AV6: 23 | BB6: Open | BE6: 0 | BF6: CID102000895 | BG6: 7058726306 7768816667 | BH6: Umesh Halmare/SF0031505 | BI6: Visited | BJ6: 46196 | BK6: Borrower Available | BL6: Borrower | BM6: Not Available | BN6: No | BQ6: Borrower declaring as not paid the instalment of month May 26 due to medical issue; Now commit as will pay these pending in month Aug 26.
A7: 3 | B7: West | C7: Maharashtra | D7: Pune | E7: Margao | F7: Margao | G7: GA2702 | H7: Sanquelim | I7: 169576 | J7: Valpoi | K7: 169576 | L7: SF0103360 | M7: Parshuram Sitaram Naik | N7: 58351 | O7: 509798c | P7: 85659 | Q7: 728393 | R7: Chetana | S7: SSF6213095 | T7: SSF6213095 | U7: GENERAL | V7: HINDU | W7: 0 | X7: Agriculture & Farming | Y7: 357019540 | Z7: JAYMALA SURYAKANT GAORKAR | AA7: 01-Jun-2024 | AB7: 42000 | AC7: 9 | AD7: 24 | AE7: GL-1 | AF7: 2.06 Yrs | AG7: 01 Jun 2024 | AH7: > 2 to 4 Years | AI7: 09-Jul-2024 | AJ7: 2240 | AK7: 2240 | AL7: 30-Apr-2025 | AM7: 11442.46 | AN7: 6487.54 | AO7: 17930 | AP7: 30557.54 | AQ7: 5705.46 | AR7: 36263 | AS7: 30557.54 | AT7: 5705.46 | AU7: 36263 | AV7: 24 | BB7: Open | BE7: 0 | BF7: SSF6213095 | BG7: 9359414683 | BH7: Umesh Halmare/SF0031505 | BI7: Visited | BJ7: 46196 | BK7: Borrower Not Available | BL7: Other Borrower | BM7: Not Available | BN7: No | BQ7: Branch staff not aware about her address due to change the rented room.
A8: 4 | B8: West | C8: Maharashtra | D8: Pune | E8: Margao | F8: Margao | G8: GA2702 | H8: Sanquelim | I8: 38667 | J8: Cumbarjua | K8: 38667 | L8: SF0101636 | M8: Ramesh Suresh Milaganavar | N8: 58415 | O8: 512545 | P8: 780596 | Q8: Tejas 2 512545 G3 | R8: Chetana | S8: SSF6014086 | T8: SSF6014086 | U8: GENERAL | V8: MUSLIM | W8: 541 | X8: Agriculture & Farming | Y8: 356488115 | Z8: JEENAT BEE MEHBOOB MULLA | AA8: 18-Apr-2024 | AB8: 42000 | AC8: 10 | AD8: 24 | AE8: 1 | AF8: 2.18 Yrs | AG8: 18 Apr 2024 | AH8: > 2 to 4 Years | AI8: 10-Jun-2024 | AJ8: 2240 | AK8: 2240 | AL8: 22-May-2026 | AM8: 36751.16 | AN8: 12798.84 | AO8: 49550 | AP8: 5248.84 | AQ8: 68.16 | AR8: 5317 | AS8: 5248.84 | AT8: 68.16 | AU8: 5317 | AV8: 25 | BB8: Open | BE8: 0 | BF8: SSF6014086 | BG8: 9403614099 | BH8: Umesh Halmare/SF0031505 | BI8: Visited | BJ8: 46196 | BK8: Borrower Available | BL8: Borrower | BM8: Not Available | BN8: No | BQ8: Borrower accepted as not paid the instalment in month Feb and Mar 2026; Now commit as will pay pending two instalment ASAP.
A9: 5 | B9: West | C9: Maharashtra | D9: Pune | E9: Margao | F9: Margao | G9: GA2702 | H9: Sanquelim | I9: 38591 | J9: Marcela | K9: 38591 | L9: SF0101636 | M9: Ramesh Suresh Milaganavar | N9: 58247 | O9: 538219 | P9: 85535 | Q9: janvi 2 | R9: Chetana | S9: SSF6076672 | T9: SSF6076672 | U9: GENERAL | V9: HINDU | W9: 0 | X9: Agriculture & Farming | Y9: 356602603 | Z9: KANCHAN RAVJI MALIK | AA9: 30-Apr-2024 | AB9: 42000 | AC9: 10 | AD9: 24 | AE9: 1 | AF9: 2.15 Yrs | AG9: 30 Apr 2024 | AH9: > 2 to 4 Years | AI9: 10-Jun-2024 | AJ9: 2240 | AK9: 2240 | AL9: 11-Oct-2025 | AM9: 27071.83 | AN9: 11008.17 | AO9: 38080 | AP9: 14928.17 | AQ9: 1303.83 | AR9: 16232 | AS9: 14928.17 | AT9: 1303.83 | AU9: 16232 | AV9: 25 | BB9: Open | BE9: 0 | BF9: SSF6076672 | BG9: 9325243964 | BH9: Umesh Halmare/SF0031505 | BI9: Visited | BJ9: 46196 | BK9: Borrower Not Available | BL9: Other Borrower | BM9: Not Available | BN9: No | BQ9: Branch staff not aware about her address due to change the rented room.
A10: 6 | B10: West | C10: Maharashtra | D10: Pune | E10: Margao | F10: Margao | G10: GA2702 | H10: Sanquelim | I10: 38597 | J10: Bichoalim | K10: 38597 | L10: SF0101636 | M10: Ramesh Suresh Milaganavar | N10: 58354 | O10: 508061 | P10: 807224 | Q10: Anthony 508061 G4 | R10: Chetana | S10: SSF5756995 | T10: SSF5756995 | U10: GENERAL | V10: HINDU | W10: 541 | X10: Agriculture & Farming | Y10: 355745133 | Z10: KIRAN RAJBHAR | AA10: 11-Mar-2024 | AB10: 42000 | AC10: 4 | AD10: 24 | AE10: 1 | AF10: 2.28 Yrs | AG10: 11 Mar 2024 | AH10: > 2 to 4 Years | AI10: 04-Apr-2024 | AJ10: 2240 | AK10: 2240 | AL10: 29-Apr-2025 | AM10: 16867.54 | AN10: 7772.46 | AO10: 24640 | AP10: 25132.46 | AQ10: 3760.54 | AR10: 28893 | AS10: 25132.46 | AT10: 3760.54 | AU10: 28893 | AV10: 27 | BB10: Open | BD10: 30-Sep-2025 | BE10: 42000 | BF10: SSF5756995 | BG10: 9918985865 | BH10: Umesh Halmare/SF0031505 | BI10: Visited | BJ10: 46196 | BK10: Borrower Not Available | BL10: Other Borrower | BM10: Not Available | BN10: No | BQ10: Branch staff not aware about these borrower address due to migrated from last year.
A11: 7 | B11: West | C11: Maharashtra | D11: Pune | E11: Margao | F11: Margao | G11: GA2702 | H11: Sanquelim | I11: 38597 | J11: Bichoalim | K11: 38597 | L11: SF0101636 | M11: Ramesh Suresh Milaganavar | N11: 58354 | O11: 508061 | P11: 807224 | Q11: Anthony 508061 G4 | R11: Unnati | S11: SSF5756995 | T11: SSF5756995 | U11: GENERAL | V11: HINDU | W11: 0 | X11: Agriculture & Farming | Y11: 358046142 | Z11: KIRAN RAJBHAR | AA11: 01-Sep-2024 | AB11: 30000 | AC11: 4 | AD11: 18 | AE11: IL-1 | AF11: 2.28 Yrs | AG11: 11 Mar 2024 | AH11: > 2 to 4 Years | AI11: 04-Oct-2024 | AJ11: 2010 | AK11: 2010 | AL11: 29-Apr-2025 | AM11: 7168.08 | AN11: 2885.92 | AO11: 10054 | AP11: 22831.92 | AQ11: 3415.08 | AR11: 26247 | AS11: 22831.92 | AT11: 3415.08 | AU11: 26247 | AV11: 21 | BB11: Open | BD11: 30-Sep-2025 | BE11: 30000 | BF11: SSF5756995 | BG11: 9918985865 | BH11: Umesh Halmare/SF0031505 | BI11: Visited | BJ11: 46196 | BK11: Borrower Not Available | BL11: Other Borrower | BM11: Not Available | BN11: No | BQ11: Branch staff not aware about these borrower address due to migrated from last year.
A12: 8 | B12: West | C12: Maharashtra | D12: Pune | E12: Margao | F12: Margao | G12: GA2702 | H12: Sanquelim | I12: 38596 | J12: Sanquelim | K12: 38596 | L12: SF0101636 | M12: Ramesh Suresh Milaganavar | N12: 58317 | O12: 410846 | P12: 85626 | Q12: balumama | R12: Chetana | S12: CID102009079 | T12: CID102009079 | U12: EBC | V12: HINDU | W12: 0 | X12: Tent House | Y12: 355929496 | Z12: LAXMI PRAKASH BHOSLE | AA12: 16-Mar-2024 | AB12: 60000 | AC12: 10 | AD12: 24 | AE12: 7 | AF12: 12.62 Yrs | AG12: 21 Oct 2020 | AH12: > 10 Years | AI12: 10-May-2024 | AJ12: 3200 | AK12: 3200 | AL12: 29-May-2026 | AM12: 46934.35 | AN12: 18065.65 | AO12: 65000 | AP12: 13065.65 | AQ12: 485.35 | AR12: 13551 | AS12: 13065.65 | AT12: 485.35 | AU12: 13551 | AV12: 26 | BB12: Open | BE12: 0 | BF12: CID102009079 | BG12: 9975184823 | BH12: Umesh Halmare/SF0031505 | BI12: Visited | BJ12: 46196 | BK12: Borrower Available | BL12: Borrower | BM12: Available | BN12: No | BQ12: Borrower partail amount paid in month May 26 due to leg facture by accident.
A13: 9 | B13: West | C13: Maharashtra | D13: Pune | E13: Margao | F13: Margao | G13: GA2702 | H13: Sanquelim | I13: 38597 | J13: Bichoalim | K13: 38597 | L13: SF0101636 | M13: Ramesh Suresh Milaganavar | N13: 550964 | O13: Bicholim C14 | P13: 915322 | Q13: Sunflower g3 C14 G4 | R13: Chetana | S13: SSF5912849 | T13: SSF5912849 | U13: EBC | V13: HINDU | W13: 541 | X13: Agriculture & Farming | Y13: 356175081 | Z13: MALLAMMA KARABHANTANAL | AA13: 29-Mar-2024 | AB13: 42000 | AC13: 4 | AD13: 24 | AE13: 1 | AF13: 2.23 Yrs | AG13: 29 Mar 2024 | AH13: > 2 to 4 Years | AI13: 04-May-2024 | AJ13: 2240 | AK13: 2240 | AL13: 30-Jan-2026 | AM13: 35220.49 | AN13: 11819.51 | AO13: 47040 | AP13: 6779.51 | AQ13: 288.49 | AR13: 7068 | AS13: 6779.51 | AT13: 288.49 | AU13: 7068 | AV13: 26 | BB13: Open | BE13: 0 | BF13: SSF5912849 | BG13: 8806940018 | BH13: Umesh Halmare/SF0031505 | BI13: Visited | BJ13: 46196 | BK13: Borrower-Migrated | BL13: Other Borrower | BM13: Not Available | BN13: No | BQ13: Borrower migrated other place but Group leader declaring as outstanding available as per record due to she not pay migrated in month Jan 2026; LC Available
A14: 10 | B14: West | C14: Maharashtra | D14: Pune | E14: Margao | F14: Margao | G14: GA2702 | H14: Sanquelim | I14: 38601 | J14: Honda | K14: 38601 | L14: SF0103360 | M14: Parshuram Sitaram Naik | N14: 58179 | O14: 458457 | P14: 85461 | Q14: Krishna | R14: Chetana | S14: SID951373776744 | T14: SID951373776744 | U14: EBC | V14: HINDU | W14: 0 | X14: Almirah Business | Y14: 355109663 | Z14: NAMRATA NAGESH SALUNKE | AA14: 02-Feb-2024 | AB14: 80000 | AC14: 9 | AD14: 24 | AE14: 5 | AF14: 6.38 Yrs | AG14: 16 Dec 2020 | AH14: > 6 to 10 Years | AI14: 09-Mar-2024 | AJ14: 4270 | AK14: 4270 | AL14: 24-Jul-2025 | AM14: 44837.37 | AN14: 19212.63 | AO14: 64050 | AP14: 35162.63 | AQ14: 3839.37 | AR14: 39002 | AS14: 35162.63 | AT14: 3839.37 | AU14: 39002 | AV14: 28 | BB14: Open | BE14: 0 | BF14: SID951373776744 | BG14: 9021899672 | BH14: Umesh Halmare/SF0031505 | BI14: Visited | BJ14: 46196 | BK14: Borrower Available | BL14: Borrower | BM14: Not Available | BN14: No | BQ14: Borrower accepted the outstanding and declaring as last paid instalment in month July 25; After that not pay but commit as will pay by instalment from next month.
A15: 11 | B15: West | C15: Maharashtra | D15: Pune | E15: Margao | F15: Margao | G15: GA2702 | H15: Sanquelim | I15: 38601 | J15: Honda | K15: 38601 | L15: SF0103360 | M15: Parshuram Sitaram Naik | N15: 58179 | O15: 458457 | P15: 85461 | Q15: Krishna | R15: Unnati | S15: SID951373776744 | T15: SID951373776744 | U15: EBC | V15: HINDU | W15: 0 | X15: Almirah Business | Y15: 358164382 | Z15: NAMRATA NAGESH SALUNKE | AA15: 04-Sep-2024 | AB15: 20000 | AC15: 9 | AD15: 18 | AE15: IL-1 | AF15: 6.38 Yrs | AG15: 16 Dec 2020 | AH15: > 6 to 10 Years | AI15: 09-Oct-2024 | AJ15: 1330 | AK15: 1330 | AL15: 11-May-2025 | AM15: 7919.65 | AN15: 2720.35 | AO15: 10640 | AP15: 12080.35 | AQ15: 1392.65 | AR15: 13473 | AS15: 12080.35 | AT15: 1392.65 | AU15: 13473 | AV15: 21 | BB15: Open | BD15: 31-Dec-2025 | BE15: 20000 | BF15: SID951373776744 | BG15: 9021899672 | BH15: Umesh Halmare/SF0031505 | BI15: Visited | BJ15: 46196 | BK15: Borrower Available | BL15: Borrower | BM15: Not Available | BN15: No | BQ15: Borrower accepted the outstanding and declaring as last paid instalment in month May 25; After that not pay but commit as will pay by instalment from this month.
A16: 12 | B16: West | C16: Maharashtra | D16: Pune | E16: Margao | F16: Margao | G16: GA2702 | H16: Sanquelim | I16: 38655 | J16: Khadki Volpai | K16: 38655 | L16: SF0103360 | M16: Parshuram Sitaram Naik | N16: 58403 | O16: 512974 | P16: 667712 | Q16: Purma 2 512974 G1 | R16: Chetana | S16: SSF3470822 | T16: SSF3470822 | U16: SC | V16: HINDU | W16: 0 | X16: Agriculture & Farming | Y16: 357934300 | Z16: NANDINI NARAYAN PARWAR | AA16: 15-Aug-2024 | AB16: 65000 | AC16: 9 | AD16: 24 | AE16: GL-2 | AF16: 3.32 Yrs | AG16: 28 Feb 2023 | AH16: > 2 to 4 Years | AI16: 09-Sep-2024 | AJ16: 3470 | AK16: 3470 | AL16: 20-Jan-2026 | AM16: 40042.6 | AN16: 15494.6 | AO16: 55537.2 | AP16: 24957.4 | AQ16: 2341.4 | AR16: 27298.8 | AS16: 18654.37 | AT16: 2148.43 | AU16: 20802.8 | AV16: 22 | BB16: Open | BE16: 0 | BF16: SSF3470822 | BG16: 8080069060 | BH16: Umesh Halmare/SF0031505 | BI16: Visited | BJ16: 46196 | BK16: Borrower Not Available | BL16: Borrower Family Member | BM16: Not Available | BN16: No | BQ16: Borrower give loan to Co borrower's sister Ujwala Sitesh which not paid the instalment.
A17: 13 | B17: West | C17: Maharashtra | D17: Pune | E17: Margao | F17: Margao | G17: GA2702 | H17: Sanquelim | I17: 38597 | J17: Bichoalim | K17: 38597 | L17: SF0101636 | M17: Ramesh Suresh Milaganavar | N17: 549781 | O17: Bichoalim C3 | P17: 913373 | Q17: ANITA2 C3 G1 | R17: Chetana | S17: SSF6451863 | T17: SSF6451863 | U17: GENERAL | V17: HINDU | W17: 0 | X17: Agriculture & Farming | Y17: 358031505 | Z17: NEETA VINAYAK NAVELKAR | AA17: 30-Aug-2024 | AB17: 42000 | AC17: 5 | AD17: 24 | AE17: GL-1 | AF17: 1.81 Yrs | AG17: 30 Aug 2024 | AH17: <= 2 Years | AI17: 05-Oct-2024 | AJ17: 2240 | AK17: 2240 | AL17: 05-Apr-2025 | AM17: 10000.27 | AN17: 5679.73 | AO17: 15680 | AP17: 31999.73 | AQ17: 6387.27 | AR17: 38387 | AS17: 25263.27 | AT17: 6096.73 | AU17: 31360 | AV17: 21 | BB17: Open | BD17: 30-Sep-2025 | BE17: 42000 | BF17: SSF6451863 | BG17: 9359096584 | BH17: Umesh Halmare/SF0031505 | BI17: Visited | BJ17: 46196 | BK17: Borrower Not Available | BL17: Borrower Family Member | BM17: Not Available | BN17: No | BQ17: Borrower not paid amount intentionly from last year; Borrower's son Vanya Viraj Navelkar also pending from last year
A18: 14 | B18: West | C18: Maharashtra | D18: Pune | E18: Margao | F18: Margao | G18: GA2702 | H18: Sanquelim | I18: 38597 | J18: Bichoalim | K18: 38597 | L18: SF0101636 | M18: Ramesh Suresh Milaganavar | N18: 550964 | O18: Bicholim C14 | P18: 915322 | Q18: Sunflower g3 C14 G4 | R18: Chetana | S18: SSF5915485 | T18: SSF5915485 | U18: EBC | V18: HINDU | W18: 541 | X18: Agriculture & Farming | Y18: 356180904 | Z18: RATIKSHA MILIND NAIK | AA18: 29-Mar-2024 | AB18: 42000 | AC18: 4 | AD18: 24 | AE18: 1 | AF18: 2.23 Yrs | AG18: 29 Mar 2024 | AH18: > 2 to 4 Years | AI18: 04-May-2024 | AJ18: 2240 | AK18: 2240 | AL18: 16-Jan-2026 | AM18: 35220.49 | AN18: 11819.51 | AO18: 47040 | AP18: 6779.51 | AQ18: 288.49 | AR18: 7068 | AS18: 6779.51 | AT18: 288.49 | AU18: 7068 | AV18: 26 | BB18: Open | BE18: 0 | BF18: SSF5915485 | BG18: 8080920952 7517376881 | BH18: Umesh Halmare/SF0031505 | BI18: Visited | BJ18: 46196 | BK18: Borrower-Migrated | BL18: Other Borrower | BM18: Available | BN18: No | BQ18: Borrower migrated other place but Group leader declaring as outstanding available as per record as Three instalment, Not paid the amount after Jan 26; LC Available
A19: 15 | B19: West | C19: Maharashtra | D19: Pune | E19: Margao | F19: Margao | G19: GA2702 | H19: Sanquelim | I19: 38597 | J19: Bichoalim | K19: 38597 | L19: SF0101636 | M19: Ramesh Suresh Milaganavar | N19: 550964 | O19: Bicholim C14 | P19: 915322 | Q19: Sunflower g3 C14 G4 | R19: Unnati | S19: SSF5915485 | T19: SSF5915485 | U19: EBC | V19: HINDU | W19: 0 | X19: Agriculture & Farming | Y19: 358211371 | Z19: RATIKSHA MILIND NAIK | AA19: 04-Sep-2024 | AB19: 30000 | AC19: 4 | AD19: 18 | AE19: IL-1 | AF19: 2.23 Yrs | AG19: 29 Mar 2024 | AH19: > 2 to 4 Years | AI19: 04-Oct-2024 | AJ19: 2010 | AK19: 2010 | AL19: 28-Feb-2026 | AM19: 27993.47 | AN19: 6176.53 | AO19: 34170 | AP19: 2006.53 | AQ19: 38.47 | AR19: 2045 | AS19: 2006.53 | AT19: 38.47 | AU19: 2045 | AV19: 21 | BB19: Open | BE19: 0 | BF19: SSF5915485 | BG19: 8080920952 7517376881 | BH19: Umesh Halmare/SF0031505 | BI19: Visited | BJ19: 46196 | BK19: Borrower-Migrated | BL19: Other Borrower | BM19: Available | BN19: No | BQ19: Borrower migrated other place but Group leader declaring as outstanding available as per record as Two instalment, Not paid the amount after Feb 26; LC Avaialble
A20: 16 | B20: West | C20: Maharashtra | D20: Pune | E20: Margao | F20: Margao | G20: GA2702 | H20: Sanquelim | I20: 38597 | J20: Bichoalim | K20: 38597 | L20: SF0101636 | M20: Ramesh Suresh Milaganavar | N20: 58354 | O20: 508061 | P20: 807224 | Q20: Anthony 508061 G4 | R20: Chetana | S20: SSF5757007 | T20: SSF5757007 | U20: EBC | V20: CHRISTIAN | W20: 541 | X20: Agriculture & Farming | Y20: 355745161 | Z20: RITA JOHNY PINTO | AA20: 11-Mar-2024 | AB20: 42000 | AC20: 4 | AD20: 24 | AE20: 1 | AF20: 2.28 Yrs | AG20: 11 Mar 2024 | AH20: > 2 to 4 Years | AI20: 04-Apr-2024 | AJ20: 2240 | AK20: 2240 | AL20: 04-Oct-2024 | AM20: 10369.81 | AN20: 5310.19 | AO20: 15680 | AP20: 31630.19 | AQ20: 6222.81 | AR20: 37853 | AS20: 31630.19 | AT20: 6222.81 | AU20: 37853 | AV20: 27 | BB20: Open | BD20: 31-Mar-2026 | BE20: 42000 | BF20: SSF5757007 | BG20: 9146195774 | BH20: Umesh Halmare/SF0031505 | BI20: Visited | BJ20: 46196 | BK20: Borrower-Migrated | BL20: Other Borrower | BM20: Not Available | BN20: No | BQ20: Borrower taken loan of Sairabanu Shaikh and not paid the amount, Borrower now migrated from her house and not any know that where she live.
A21: 17 | B21: West | C21: Maharashtra | D21: Pune | E21: Margao | F21: Margao | G21: GA2702 | H21: Sanquelim | I21: 38597 | J21: Bichoalim | K21: 38597 | L21: SF0101636 | M21: Ramesh Suresh Milaganavar | N21: 58354 | O21: 508061 | P21: 807224 | Q21: Anthony 508061 G4 | R21: Unnati | S21: SSF5757007 | T21: SSF5757007 | U21: EBC | V21: CHRISTIAN | W21: 0 | X21: Agriculture & Farming | Y21: 358046039 | Z21: RITA JOHNY PINTO | AA21: 31-Aug-2024 | AB21: 30000 | AC21: 4 | AD21: 18 | AE21: IL-1 | AF21: 2.28 Yrs | AG21: 11 Mar 2024 | AH21: > 2 to 4 Years | AI21: 04-Oct-2024 | AJ21: 2010 | AK21: 2010 | AL21: 04-Oct-2024 | AM21: 1318.36 | AN21: 691.64 | AO21: 2010 | AP21: 28681.64 | AQ21: 5638.36 | AR21: 34320 | AS21: 28681.64 | AT21: 5638.36 | AU21: 34320 | AV21: 21 | BB21: Open | BD21: 31-Mar-2025 | BE21: 30000 | BF21: SSF5757007 | BG21: 9146195774 | BH21: Umesh Halmare/SF0031505 | BI21: Visited | BJ21: 46196 | BK21: Borrower-Migrated | BL21: Other Borrower | BM21: Not Available | BN21: No | BQ21: Borrower taken loan of Sairabanu Shaikh and not paid the amount, Borrower now migrated from her house and not any know that where she live.
A22: 18 | B22: West | C22: Maharashtra | D22: Pune | E22: Margao | F22: Margao | G22: GA2702 | H22: Sanquelim | I22: 38597 | J22: Bichoalim | K22: 38597 | L22: SF0101636 | M22: Ramesh Suresh Milaganavar | N22: 58354 | O22: 508061 | P22: 807224 | Q22: Anthony 508061 G4 | R22: Chetana | S22: SSF5764664 | T22: SSF5764664 | U22: OBC | V22: MUSLIM | W22: 541 | X22: Agriculture & Farming | Y22: 355766345 | Z22: SAIRABANU SHEKH | AA22: 11-Mar-2024 | AB22: 42000 | AC22: 4 | AD22: 24 | AE22: 1 | AF22: 2.28 Yrs | AG22: 11 Mar 2024 | AH22: > 2 to 4 Years | AI22: 04-Apr-2024 | AJ22: 2240 | AK22: 2240 | AL22: 22-Apr-2025 | AM22: 20369.24 | AN22: 8750.76 | AO22: 29120 | AP22: 21630.76 | AQ22: 2782.24 | AR22: 24413 | AS22: 21630.76 | AT22: 2782.24 | AU22: 24413 | AV22: 27 | BB22: Open | BE22: 0 | BF22: SSF5764664 | BG22: 9730313039 | BH22: Umesh Halmare/SF0031505 | BI22: Visited | BJ22: 46196 | BK22: Borrower Not Available | BL22: Borrower Family Member | BM22: Not Available | BN22: No | BQ22: Borrower live at culungut and co borrower declaring as pay the full amount to Rita Johny Pinto which not pay the amount
A23: 19 | B23: West | C23: Maharashtra | D23: Pune | E23: Margao | F23: Margao | G23: GA2702 | H23: Sanquelim | I23: 38597 | J23: Bichoalim | K23: 38597 | L23: SF0101636 | M23: Ramesh Suresh Milaganavar | N23: 58354 | O23: 508061 | P23: 807224 | Q23: Anthony 508061 G4 | R23: Unnati | S23: SSF5764664 | T23: SSF5764664 | U23: OBC | V23: MUSLIM | W23: 0 | X23: Agriculture & Farming | Y23: 358047426 | Z23: SAIRABANU SHEKH | AA23: 01-Sep-2024 | AB23: 30000 | AC23: 4 | AD23: 18 | AE23: IL-1 | AF23: 2.28 Yrs | AG23: 11 Mar 2024 | AH23: > 2 to 4 Years | AI23: 04-Oct-2024 | AJ23: 2010 | AK23: 2010 | AL23: 22-Apr-2025 | AM23: 10307.79 | AN23: 3762.21 | AO23: 14070 | AP23: 19692.21 | AQ23: 2538.79 | AR23: 22231 | AS23: 19692.21 | AT23: 2538.79 | AU23: 22231 | AV23: 21 | BB23: Open | BD23: 30-Sep-2025 | BE23: 30000 | BF23: SSF5764664 | BG23: 9730313039 | BH23: Umesh Halmare/SF0031505 | BI23: Visited | BJ23: 46196 | BK23: Borrower Not Available | BL23: Borrower Family Member | BM23: Not Available | BN23: No | BQ23: Borrower live at culungut and co borrower declaring as pay the full amount to Rita Johny Pinto which not pay the amount
A24: 20 | B24: West | C24: Maharashtra | D24: Pune | E24: Margao | F24: Margao | G24: GA2702 | H24: Sanquelim | I24: 38618 | J24: Dodamarg Kasai | K24: 38618 | L24: SF0101636 | M24: Ramesh Suresh Milaganavar | N24: 310780 | O24: Dodamarg Kasai C1 | P24: 426730 | Q24: Dodamarg Kasai C1 Sakshi1 | R24: Chetana | S24: SSF2356357 | T24: SSF2356357 | U24: GENERAL | V24: HINDU | W24: 0 | X24: Agriculture & Farming | Y24: 357312167 | Z24: SIMRAN SANDESH BORDEKAR | AA24: 17-Jun-2024 | AB24: 72000 | AC24: 7 | AD24: 24 | AE24: GL-3 | AF24: 4.35 Yrs | AG24: 14 Feb 2022 | AH24: > 4 to 6 Years | AI24: 07-Aug-2024 | AJ24: 3840 | AK24: 3840 | AL24: 26-May-2026 | AM24: 55822.97 | AN24: 20983.03 | AO24: 76806 | AP24: 16177.03 | AQ24: 903.97 | AR24: 17081 | AS24: 10722.72 | AT24: 791.28 | AU24: 11514 | AV24: 23 | BB24: Open | BE24: 0 | BF24: SSF2356357 | BG24: 8975385750 | BH24: Umesh Halmare/SF0031505 | BI24: Visited | BJ24: 46196 | BK24: Borrower Available | BL24: Borrower | BM24: Not Available | BN24: No | BQ24: Borrower declaring as pending instalment of Sep and Oct 25. Now she paid the delay per month.
A25: 21 | B25: West | C25: Maharashtra | D25: Pune | E25: Margao | F25: Margao | G25: GA2702 | H25: Sanquelim | I25: 38596 | J25: Sanquelim | K25: 38596 | L25: SF0103360 | M25: Parshuram Sitaram Naik | N25: 58182 | O25: 464477 | P25: 85465 | Q25: NAGNATH | R25: Chetana | S25: SID951372911124 | T25: SID951372911124 | U25: EBC | V25: HINDU | W25: 0 | X25: Agriculture & Farming | Y25: 358974188 | Z25: SUMEDHA SUDIN VIRDIKAR | AA25: 19-Nov-2024 | AB25: 73000 | AC25: 6 | AD25: 24 | AE25: GL-5 | AF25: 8.69 Yrs | AG25: 29 Sep 2020 | AH25: > 6 to 10 Years | AI25: 06-Jan-2025 | AJ25: 3830 | AK25: 3830 | AL25: 20-May-2026 | AM25: 47045.22 | AN25: 18064.78 | AO25: 65110 | AP25: 25954.78 | AQ25: 2139.22 | AR25: 28094 | AS25: 3317.48 | AT25: 512.52 | AU25: 3830 | AV25: 18 | BB25: Open | BE25: 0 | BF25: SID951372911124 | BG25: 7841893544 | BH25: Umesh Halmare/SF0031505 | BI25: Visited | BJ25: 46196 | BK25: Borrower Available | BL25: Borrower | BM25: Available | BN25: No | BQ25: Pending instalment collected yesterday 22 June 26.
A26: 22 | B26: West | C26: Maharashtra | D26: Pune | E26: Margao | F26: Margao | G26: GA2702 | H26: Sanquelim | I26: 38655 | J26: Khadki Volpai | K26: 38655 | L26: SF0103360 | M26: Parshuram Sitaram Naik | N26: 58403 | O26: 512974 | P26: 85724 | Q26: PURMA | R26: Chetana | S26: SID951373241293 | T26: SID951373241293 | U26: SC | V26: HINDU | W26: 0 | X26: Agriculture & Farming | Y26: 358319894 | Z26: UJWALA SITESH HARIJAN | AA26: 27-Sep-2024 | AB26: 80000 | AC26: 9 | AD26: 24 | AE26: GL-5 | AF26: 8.09 Yrs | AG26: 14 Feb 2020 | AH26: > 6 to 10 Years | AI26: 09-Nov-2024 | AJ26: 4260 | AK26: 4260 | AL26: 21-Nov-2025 | AM26: 34315.4 | AN26: 16918.68 | AO26: 51234.08 | AP26: 45684.6 | AQ26: 6350.32 | AR26: 52034.92 | AS26: 28542.46 | AT26: 5423.46 | AU26: 33965.92 | AV26: 20 | BB26: Open | BE26: 0 | BF26: SID951373241293 | BG26: 9579313626 | BH26: Umesh Halmare/SF0031505 | BI26: Visited | BJ26: 46196 | BK26: Borrower Not Available | BL26: Borrower Family Member | BM26: Not Available | BN26: No | BQ26: Borrower also taken loan of her brother Nandini Narayan which not paid the instalment
A27: 23 | B27: West | C27: Maharashtra | D27: Pune | E27: Margao | F27: Margao | G27: GA2702 | H27: Sanquelim | I27: 38667 | J27: Cumbarjua | K27: 38667 | L27: SF0101636 | M27: Ramesh Suresh Milaganavar | N27: 58415 | O27: 512545 | P27: 780596 | Q27: Tejas 2 512545 G3 | R27: Chetana | S27: SSF5565012 | T27: SSF5565012 | U27: GENERAL | V27: HINDU | W27: 0 | X27: Medical Shop | Y27: 355284568 | Z27: VAISHALI VIJAY DESSAI | AA27: 08-Feb-2024 | AB27: 42000 | AC27: 10 | AD27: 24 | AE27: 1 | AF27: 2.37 Yrs | AG27: 08 Feb 2024 | AH27: > 2 to 4 Years | AI27: 10-Mar-2024 | AJ27: 2240 | AK27: 2240 | AL27: 18-Jun-2026 | AM27: 31927.35 | AN27: 11420.65 | AO27: 43348 | AP27: 10072.65 | AQ27: 462.35 | AR27: 10535 | AS27: 10072.65 | AT27: 462.35 | AU27: 10535 | AV27: 28 | BB27: Open | BE27: 0 | BF27: SSF5565012 | BG27: 9404147962 | BH27: Umesh Halmare/SF0031505 | BI27: Visited | BJ27: 46196 | BK27: Borrower Not Available | BL27: Other Borrower | BM27: Not Available | BN27: No | BQ27: Borrower gave loan taken to our client Anjali who not paid the instalment regularly
A28: 24 | B28: West | C28: Maharashtra | D28: Pune | E28: Margao | F28: Margao | G28: GA2702 | H28: Sanquelim | I28: 38655 | J28: Khadki Volpai | K28: 38655 | L28: SF0103360 | M28: Parshuram Sitaram Naik | N28: 58403 | O28: 512974 | P28: 85724 | Q28: PURMA | R28: Chetana | S28: SID951373162878 | T28: SID951373162878 | U28: GENERAL | V28: HINDU | W28: 0 | X28: Agriculture & Farming | Y28: 358021968 | Z28: VAISHALI VITHU PARWAR | AA28: 29-Aug-2024 | AB28: 72000 | AC28: 9 | AD28: 24 | AE28: GL-4 | AF28: 7.71 Yrs | AG28: 14 Feb 2020 | AH28: > 6 to 10 Years | AI28: 09-Oct-2024 | AJ28: 3840 | AK28: 3840 | AL28: 16-Oct-2025 | AM28: 33861.25 | AN28: 16058.75 | AO28: 49920 | AP28: 38138.75 | AQ28: 5023.25 | AR28: 43162 | AS28: 26218.24 | AT28: 4501.76 | AU28: 30720 | AV28: 21 | BB28: Open | BE28: 0 | BF28: SID951373162878 | BG28: 9112124372 | BH28: Umesh Halmare/SF0031505 | BI28: Visited | BJ28: 46196 | BK28: Borrower Not Available | BL28: Other Borrower | BM28: Not Available | BN28: No | BQ28: Borrower given loan taken to our client Anjali who not paid the instalment regularly
A29: 25 | B29: West | C29: Maharashtra | D29: Pune | E29: Margao | F29: Margao | G29: GA2702 | H29: Sanquelim | I29: 38597 | J29: Bichoalim | K29: 38597 | L29: SF0101636 | M29: Ramesh Suresh Milaganavar | N29: 549781 | O29: Bichoalim C3 | P29: 913373 | Q29: ANITA2 C3 G1 | R29: Chetana | S29: SSF4317699 | T29: SSF4317699 | U29: EBC | V29: HINDU | W29: 541 | X29: Agriculture & Farming | Y29: 352523435 | Z29: VANYA VIRAJ NAVELKAR | AA29: 14-Aug-2023 | AB29: 42000 | AC29: 5 | AD29: 24 | AE29: 1 | AF29: 2.86 Yrs | AG29: 14 Aug 2023 | AH29: > 2 to 4 Years | AI29: 05-Sep-2023 | AJ29: 2240 | AK29: 2240 | AL29: 05-Apr-2025 | AM29: 33789.08 | AN29: 11010.92 | AO29: 44800 | AP29: 8210.92 | AQ29: 422.08 | AR29: 8633 | AS29: 8210.92 | AT29: 422.08 | AU29: 8633 | AV29: 34 | BB29: Open | BE29: 0 | BF29: SSF4317699 | BG29: 7083545054 | BH29: Umesh Halmare/SF0031505 | BI29: Visited | BJ29: 46196 | BK29: Borrower Not Available | BL29: Borrower Family Member | BM29: Not Available | BN29: No | BQ29: Borrower not paid amount intentionly from last year; Co borrower's mother Neeta Vinayak Navelkar also pending from last year
A30: 26 | B30: West | C30: Maharashtra | D30: Pune | E30: Margao | F30: Margao | G30: GA2702 | H30: Sanquelim | I30: 38667 | J30: Cumbarjua | K30: 38667 | L30: SF0101636 | M30: Ramesh Suresh Milaganavar | N30: 58415 | O30: 512545 | P30: 876083 | Q30: Samarth 2 512545 G4 | R30: Chetana | S30: SSF2830283 | T30: SSF2830283 | U30: GENERAL | V30: HINDU | W30: 0 | X30: Agriculture & Farming | Y30: 357934284 | Z30: VISHAKHA ANIKET NAIK | AA30: 14-Aug-2024 | AB30: 65000 | AC30: 10 | AD30: 24 | AE30: GL-2 | AF30: 3.73 Yrs | AG30: 29 Sep 2022 | AH30: > 2 to 4 Years | AI30: 10-Sep-2024 | AJ30: 3470 | AK30: 3470 | AL30: 18-Jun-2026 | AM30: 31429.67 | AN30: 14010.33 | AO30: 45440 | AP30: 33570.33 | AQ30: 3968.67 | AR30: 37539 | AS30: 27130.09 | AT30: 3769.91 | AU30: 30900 | AV30: 22 | BB30: Open | BE30: 0 | BF30: SSF2830283 | BG30: 7666154939 | BH30: Umesh Halmare/SF0031505 | BI30: Visited | BJ30: 46196 | BK30: Borrower Not Available | BL30: Other Borrower | BM30: Not Available | BN30: No | BQ30: Borrower given loan taken to our client Anjali who not paid the instalment regularly
A31: 27 | B31: West | C31: Maharashtra | D31: Pune | E31: Margao | F31: Margao | G31: GA2702 | H31: Sanquelim | I31: 38629 | J31: Maem | K31: 38629 | L31: SF0103360 | M31: Parshuram Sitaram Naik | N31: 58227 | O31: 507813 | P31: 870380 | Q31: Om Sai2 507813 G2 | R31: Chetana | S31: SSF6146719 | T31: SSF6146719 | U31: GENERAL | V31: HINDU | W31: 0 | X31: Tent House | Y31: 356802444 | Z31: AMISHA ANIL PARYEKAR | AA31: 01-May-2024 | AB31: 42000 | AC31: 4 | AD31: 24 | AE31: GL-1 | AF31: 2.14 Yrs | AG31: 01 May 2024 | AH31: > 2 to 4 Years | AI31: 04-Jun-2024 | AJ31: 2240 | AK31: 2240 | AL31: 13-Dec-2025 | AM31: 31259.62 | AN31: 11300.38 | AO31: 42560 | AP31: 10740.38 | AQ31: 688.62 | AR31: 11429 | AS31: 10740.38 | AT31: 688.62 | AU31: 11429 | AV31: 25 | BB31: Open | BE31: 0 | BF31: SSF6146719 | BG31: 8799885170 8999358928 | BH31: Umesh Halmare/SF0031505 | BI31: Visited | BJ31: 46197 | BK31: Borrower Not Available | BL31: Borrower Family Member | BM31: Not Available | BN31: No | BQ31: Borrower live another place with other person and commit as will pay the amount ASAP.
A32: 28 | B32: West | C32: Maharashtra | D32: Pune | E32: Margao | F32: Margao | G32: GA2702 | H32: Sanquelim | I32: 38613 | J32: Boma | K32: 38613 | L32: SF0101636 | M32: Ramesh Suresh Milaganavar | N32: 310257 | O32: Boma C1 | P32: 426007 | Q32: Boma C1 Omkar Group1 | R32: Chetana | S32: SSF3342328 | T32: SSF3342328 | U32: SC | V32: OTHERS | W32: 541 | X32: Agriculture & Farming | Y32: 350534611 | Z32: CHANDANA DAS | AA32: 09-Feb-2023 | AB32: 41952 | AC32: 7 | AD32: 24 | AE32: 1 | AF32: 3.37 Yrs | AG32: 09 Feb 2023 | AH32: > 2 to 4 Years | AI32: 07-Apr-2023 | AJ32: 2831 | AK32: 2250 | AL32: 07-Oct-2024 | AM32: 31374.85 | AN32: 11956.15 | AO32: 43331 | AP32: 10577.15 | AQ32: 672.85 | AR32: 11250 | AS32: 10577.15 | AT32: 672.85 | AU32: 11250 | AV32: 39 | BB32: Open | BD32: 31-Mar-2025 | BE32: 41952 | BF32: SSF3342328 | BG32: 8766739909 | BH32: Umesh Halmare/SF0031505 | BI32: Visited | BJ32: 46197 | BK32: Borrower Not Available | BL32: Borrower Family Member | BM32: Not Available | BN32: No | BQ32: Borrower live at Ponda, Accepted the outstanding and agree to pay amount from next month.
A33: 29 | B33: West | C33: Maharashtra | D33: Pune | E33: Margao | F33: Margao | G33: GA2702 | H33: Sanquelim | I33: 38613 | J33: Boma | K33: 38613 | L33: SF0101636 | M33: Ramesh Suresh Milaganavar | N33: 310257 | O33: Boma C1 | P33: 426007 | Q33: Boma C1 Omkar Group1 | R33: Unnati | S33: SSF3342328 | T33: SSF3342328 | U33: EBC | V33: HINDU | W33: 541 | X33: Agriculture & Farming | Y33: 352467558 | Z33: CHANDANA DAS | AA33: 10-Aug-2023 | AB33: 30000 | AC33: 7 | AD33: 18 | AE33: 0 | AF33: 3.37 Yrs | AG33: 09 Feb 2023 | AH33: > 2 to 4 Years | AI33: 07-Sep-2023 | AJ33: 2020 | AK33: 2020 | AL33: 11-Apr-2025 | AM33: 26190.88 | AN33: 6089.12 | AO33: 32280 | AP33: 3809.12 | AQ33: 118.88 | AR33: 3928 | AS33: 3809.12 | AT33: 118.88 | AU33: 3928 | AV33: 34 | BB33: Open | BD33: 31-Mar-2025 | BE33: 30000 | BF33: SSF3342328 | BG33: 8766739909 | BH33: Umesh Halmare/SF0031505 | BI33: Visited | BJ33: 46197 | BK33: Borrower Not Available | BL33: Borrower Family Member | BM33: Not Available | BN33: No | BQ33: Borrower live at Ponda, Accepted the outstanding and agree to pay amount from next month.
A34: 30 | B34: West | C34: Maharashtra | D34: Pune | E34: Margao | F34: Margao | G34: GA2702 | H34: Sanquelim | I34: 38591 | J34: Marcela | K34: 38591 | L34: SF0101636 | M34: Ramesh Suresh Milaganavar | N34: 58320 | O34: 513036 | P34: 85686 | Q34: megha 2 | R34: Chetana | S34: SSF3106373 | T34: SSF3106373 | U34: OBC | V34: MUSLIM | W34: 0 | X34: Tent House | Y34: 358963515 | Z34: HASINA IMAMAHUSAIN KARJAGI | AA34: 15-Nov-2024 | AB34: 62000 | AC34: 10 | AD34: 24 | AE34: GL-2 | AF34: 3.35 Yrs | AG34: 17 Feb 2023 | AH34: > 2 to 4 Years | AI34: 10-Dec-2024 | AJ34: 3300 | AK34: 3300 | AL34: 31-Jan-2026 | AM34: 32713.32 | AN34: 13486.68 | AO34: 46200 | AP34: 29286.68 | AQ34: 3374.32 | AR34: 32661 | AS34: 14070.3 | AT34: 2429.7 | AU34: 16500 | AV34: 19 | BB34: Open | BE34: 0 | BF34: SSF3106373 | BG34: 9075299135 9270254109 | BH34: Umesh Halmare/SF0031505 | BI34: Visited | BJ34: 46197 | BK34: Borrower Not Available | BL34: Borrower Family Member | BM34: Not Available | BN34: No | BQ34: Borrower are close relative of Anshika which declaring that avail the outstanding as per record, Borrower live at Ponda and will pay outstanding ASAP.
A35: 31 | B35: West | C35: Maharashtra | D35: Pune | E35: Margao | F35: Margao | G35: GA2702 | H35: Sanquelim | I35: 38591 | J35: Marcela | K35: 38591 | L35: SF0101636 | M35: Ramesh Suresh Milaganavar | N35: 58247 | O35: 538219 | P35: 85535 | Q35: janvi 2 | R35: Chetana | S35: SID951372953196 | T35: SID951372953196 | U35: EBC | V35: HINDU | W35: 0 | X35: TAILORING | Y35: 355102693 | Z35: KHUSHI ADITYA SHIRODKAR | AA35: 02-Feb-2024 | AB35: 63000 | AC35: 10 | AD35: 24 | AE35: 4 | AF35: 2.39 Yrs | AG35: 10 Sep 2020 | AH35: > 2 to 4 Years | AI35: 10-Mar-2024 | AJ35: 3360 | AK35: 3360 | AL35: 27-Jun-2025 | AM35: 37976.02 | AN35: 15783.98 | AO35: 53760 | AP35: 25023.98 | AQ35: 2457.02 | AR35: 27481 | AS35: 25023.98 | AT35: 2457.02 | AU35: 27481 | AV35: 28 | BB35: Open | BD35: 31-Dec-2025 | BE35: 63000 | BF35: SID951372953196 | BG35: 9503283625 9579258663 | BH35: Umesh Halmare/SF0031505 | BI35: Visited | BJ35: 46197 | BK35: Borrower Not Available | BL35: Other Borrower | BM35: Not Available | BN35: No | BQ35: Loan Taken by Ravina Manolkar 9579258663 (Non SSFL Client) which accepted the outstanding and during visit commit as will pay from Next month.
A36: 32 | B36: West | C36: Maharashtra | D36: Pune | E36: Margao | F36: Margao | G36: GA2702 | H36: Sanquelim | I36: 38591 | J36: Marcela | K36: 38591 | L36: SF0101636 | M36: Ramesh Suresh Milaganavar | N36: 58320 | O36: 513036 | P36: 85686 | Q36: megha 2 | R36: Chetana | S36: SSF6178244 | T36: SSF6178244 | U36: GENERAL | V36: HINDU | W36: 0 | X36: Tent House | Y36: 356927529 | Z36: MADEV GANESH Waddar | AA36: 23-May-2024 | AB36: 42000 | AC36: 10 | AD36: 24 | AE36: GL-1 | AF36: 2.08 Yrs | AG36: 23 May 2024 | AH36: > 2 to 4 Years | AI36: 10-Jul-2024 | AJ36: 2240 | AK36: 2240 | AL36: 28-Jan-2026 | AM36: 30651.82 | AN36: 11908.18 | AO36: 42560 | AP36: 11348.18 | AQ36: 747.82 | AR36: 12096 | AS36: 11348.18 | AT36: 747.82 | AU36: 12096 | AV36: 24 | BB36: Open | BE36: 0 | BF36: SSF6178244 | BG36: 8237284570 9270254109 | BH36: Umesh Halmare/SF0031505 | BI36: Visited | BJ36: 46197 | BK36: Borrower Not Available | BL36: Other Borrower | BM36: Not Available | BN36: No | BQ36: Loan taken by Anshika Shaikh 9270254109 (Non SSFL client) which regular pay up to Jan 2026, After that Anshika declaring as not pay remaining Five instalment So total collected the amount Rs 2300 and borrower commit as from July 26 regular pay the remaining Four instalment.
A37: 33 | B37: West | C37: Maharashtra | D37: Pune | E37: Margao | F37: Margao | G37: GA2702 | H37: Sanquelim | I37: 38591 | J37: Marcela | K37: 38591 | L37: SF0101636 | M37: Ramesh Suresh Milaganavar | N37: 287993 | O37: Marcela C1 | P37: 784335 | Q37: Samarth 3 C1 G2 | R37: Chetana | S37: SSF4625805 | T37: SSF4625805 | U37: EBC | V37: HINDU | W37: 541 | X37: Coconut Business | Y37: 353184155 | Z37: MANISHA BABU RATHOD | AA37: 28-Sep-2023 | AB37: 42000 | AC37: 10 | AD37: 24 | AE37: 1 | AF37: 2.73 Yrs | AG37: 28 Sep 2023 | AH37: > 2 to 4 Years | AI37: 10-Nov-2023 | AJ37: 2240 | AK37: 2240 | AL37: 26-Sep-2025 | AM37: 39178.23 | AN37: 12341.77 | AO37: 51520 | AP37: 2821.77 | AQ37: 58.23 | AR37: 2880 | AS37: 2821.77 | AT37: 58.23 | AU37: 2880 | AV37: 32 | BB37: Open | BE37: 0 | BF37: SSF4625805 | BG37: 8431520287 9579258663 | BH37: Umesh Halmare/SF0031505 | BI37: Visited | BJ37: 46197 | BK37: Borrower Not Available | BL37: Other Borrower | BM37: Not Available | BN37: No | BQ37: Loan Taken by Ravina Manolkar 9579258663 (Non SSFL Client) which accepted the outstanding and during visit commit as will pay outstanding amount up to 30 June 26 .
A38: 34 | B38: West | C38: Maharashtra | D38: Pune | E38: Margao | F38: Margao | G38: GA2702 | H38: Sanquelim | I38: 38625 | J38: Kerim | K38: 38625 | L38: SF0103360 | M38: Parshuram Sitaram Naik | N38: 58298 | O38: 75 | P38: 85705 | Q38: ABCD | R38: Chetana | S38: SSF5674889 | T38: SSF5674889 | U38: GENERAL | V38: HINDU | W38: 0 | X38: Tarpaulin Sheet Business | Y38: 355523302 | Z38: MANISHA MANGESH MORAJKAR | AA38: 27-Feb-2024 | AB38: 42000 | AC38: 9 | AD38: 24 | AE38: 1 | AF38: 2.32 Yrs | AG38: 27 Feb 2024 | AH38: > 2 to 4 Years | AI38: 09-Apr-2024 | AJ38: 2240 | AK38: 2240 | AL38: 13-Jun-2026 | AM38: 30924.26 | AN38: 11645.74 | AO38: 42570 | AP38: 11075.74 | AQ38: 719.26 | AR38: 11795 | AS38: 11075.74 | AT38: 719.26 | AU38: 11795 | AV38: 27 | BB38: Open | BE38: 0 | BF38: SSF5674889 | BG38: 8668499192 | BH38: Umesh Halmare/SF0031505 | BI38: Visited | BJ38: 46197 | BK38: Borrower Not Available | BL38: Borrower Family Member | BM38: Not Available | BN38: No | BQ38: Borrower's mother in law aware about outstanding and commit as will pay the from next month.
A39: 35 | B39: West | C39: Maharashtra | D39: Pune | E39: Margao | F39: Margao | G39: GA2702 | H39: Sanquelim | I39: 38625 | J39: Kerim | K39: 38625 | L39: SF0103360 | M39: Parshuram Sitaram Naik | N39: 58298 | O39: 75 | P39: 85705 | Q39: ABCD | R39: Unnati | S39: SSF5674889 | T39: SSF5674889 | U39: GENERAL | V39: HINDU | W39: 0 | X39: Tarpaulin Sheet Business | Y39: 358010609 | Z39: MANISHA MANGESH MORAJKAR | AA39: 29-Aug-2024 | AB39: 30000 | AC39: 9 | AD39: 18 | AE39: IL-1 | AF39: 2.32 Yrs | AG39: 27 Feb 2024 | AH39: > 2 to 4 Years | AI39: 09-Oct-2024 | AJ39: 2020 | AK39: 2020 | AL39: 27-Oct-2025 | AM39: 20306.4 | AN39: 5953.6 | AO39: 26260 | AP39: 9693.6 | AQ39: 625.4 | AR39: 10319 | AS39: 9693.6 | AT39: 625.4 | AU39: 10319 | AV39: 21 | BB39: Open | BE39: 0 | BF39: SSF5674889 | BG39: 8668499192 | BH39: Umesh Halmare/SF0031505 | BI39: Visited | BJ39: 46197 | BK39: Borrower Not Available | BL39: Borrower Family Member | BM39: Not Available | BN39: No | BQ39: Co borrower Mangesh's sister are Sakshi which take the loan of Rs 30000/- and not pay the amount declaring by co borrower's mother, Commit also as take the follow up and pay the amount.
A40: 36 | B40: West | C40: Maharashtra | D40: Pune | E40: Margao | F40: Margao | G40: GA2702 | H40: Sanquelim | I40: 38591 | J40: Marcela | K40: 38591 | L40: SF0101636 | M40: Ramesh Suresh Milaganavar | N40: 287992 | O40: Marcela C2 | P40: 828916 | Q40: SAMARTH 4 C2 G2 | R40: Chetana | S40: SSF2791019 | T40: SSF2791019 | U40: EBC | V40: HINDU | W40: 0 | X40: Agriculture & Farming | Y40: 356182341 | Z40: PRAPTI PANDURANG GAUDE | AA40: 29-Mar-2024 | AB40: 62000 | AC40: 10 | AD40: 24 | AE40: 2 | AF40: 3.28 Yrs | AG40: 13 Mar 2023 | AH40: > 2 to 4 Years | AI40: 10-May-2024 | AJ40: 3310 | AK40: 3310 | AL40: 30-Jul-2025 | AM40: 34426.24 | AN40: 15223.76 | AO40: 49650 | AP40: 27573.76 | AQ40: 3036.24 | AR40: 30610 | AS40: 27573.76 | AT40: 3036.24 | AU40: 30610 | AV40: 26 | BB40: Open | BD40: 31-Dec-2025 | BE40: 62000 | BF40: SSF2791019 | BG40: 8261866927 9579258663 | BH40: Umesh Halmare/SF0031505 | BI40: Visited | BJ40: 46197 | BK40: Borrower Not Available | BL40: Other Borrower | BM40: Not Available | BN40: No | BQ40: Loan Taken by Ravina Manolkar 9579258663 (Non SSFL Client) which accepted the outstanding and during visit commit as will pay single instalment up to 30 June 26 .
A41: 37 | B41: West | C41: Maharashtra | D41: Pune | E41: Margao | F41: Margao | G41: GA2702 | H41: Sanquelim | I41: 38591 | J41: Marcela | K41: 38591 | L41: SF0101636 | M41: Ramesh Suresh Milaganavar | N41: 287993 | O41: Marcela C1 | P41: 416023 | Q41: Marcela C1 Samrth 21 | R41: Chetana | S41: SSF5209529 | T41: SSF5209529 | U41: EBC | V41: HINDU | W41: 541 | X41: Agriculture & Farming | Y41: 354428740 | Z41: PUNI GHADI | AA41: 31-Dec-2023 | AB41: 42000 | AC41: 10 | AD41: 24 | AE41: 1 | AF41: 2.48 Yrs | AG41: 31 Dec 2023 | AH41: > 2 to 4 Years | AI41: 10-Feb-2024 | AJ41: 2240 | AK41: 2240 | AL41: 29-Aug-2025 | AM41: 31004.2 | AN41: 11555.8 | AO41: 42560 | AP41: 10995.8 | AQ41: 723.2 | AR41: 11719 | AS41: 10995.8 | AT41: 723.2 | AU41: 11719 | AV41: 29 | BB41: Open | BD41: 31-Dec-2025 | BE41: 42000 | BF41: SSF5209529 | BG41: 7666345908 9579258663 | BH41: Umesh Halmare/SF0031505 | BI41: Visited | BJ41: 46197 | BK41: Borrower Not Available | BL41: Other Borrower | BM41: Not Available | BN41: No | BQ41: Loan Taken by Ravina Manolkar 9579258663 (Non SSFL Client) which accepted the outstanding and during visit commit as will pay from Next month.
A42: 38 | B42: West | C42: Maharashtra | D42: Pune | E42: Margao | F42: Margao | G42: GA2702 | H42: Sanquelim | I42: 38591 | J42: Marcela | K42: 38591 | L42: SF0101636 | M42: Ramesh Suresh Milaganavar | N42: 287992 | O42: Marcela C2 | P42: 828916 | Q42: SAMARTH 4 C2 G2 | R42: Chetana | S42: SSF6151308 | T42: SSF6151308 | U42: GENERAL | V42: HINDU | W42: 0 | X42: Agriculture & Farming | Y42: 356812583 | Z42: RUBY DEVI | AA42: 01-May-2024 | AB42: 42000 | AC42: 10 | AD42: 24 | AE42: GL-1 | AF42: 2.14 Yrs | AG42: 01 May 2024 | AH42: > 2 to 4 Years | AI42: 10-Jun-2024 | AJ42: 2240 | AK42: 2240 | AL42: 10-Nov-2025 | AM42: 27111.89 | AN42: 10969.11 | AO42: 38081 | AP42: 14888.11 | AQ42: 1296.89 | AR42: 16185 | AS42: 14888.11 | AT42: 1296.89 | AU42: 16185 | AV42: 25 | BB42: Open | BE42: 0 | BF42: SSF6151308 | BG42: 7263816428 9579258663 | BH42: Umesh Halmare/SF0031505 | BI42: Visited | BJ42: 46197 | BK42: Borrower Not Available | BL42: Other Borrower | BM42: Not Available | BN42: No | BQ42: Loan Taken by Ravina Manolkar 9579258663 (Non SSFL Client) which accepted the outstanding and during visit commit as will pay single instalment up to 30 June 26 .
A43: 39 | B43: West | C43: Maharashtra | D43: Pune | E43: Margao | F43: Margao | G43: GA2702 | H43: Sanquelim | I43: 38625 | J43: Kerim | K43: 38625 | L43: SF0103360 | M43: Parshuram Sitaram Naik | N43: 58298 | O43: 75 | P43: 85705 | Q43: ABCD | R43: Chetana | S43: SSF5897254 | T43: SSF5897254 | U43: GENERAL | V43: HINDU | W43: 0 | X43: Tent House | Y43: 356124604 | Z43: SAKSHI SANJAY AMONKAR | AA43: 25-Mar-2024 | AB43: 42000 | AC43: 9 | AD43: 24 | AE43: 1 | AF43: 2.24 Yrs | AG43: 25 Mar 2024 | AH43: > 2 to 4 Years | AI43: 09-May-2024 | AJ43: 2240 | AK43: 2240 | AL43: 25-Sep-2025 | AM43: 26885.83 | AN43: 11194.17 | AO43: 38080 | AP43: 15114.17 | AQ43: 1329.83 | AR43: 16444 | AS43: 15114.17 | AT43: 1329.83 | AU43: 16444 | AV43: 26 | BB43: Open | BE43: 0 | BF43: SSF5897254 | BG43: 7020576381 | BH43: Umesh Halmare/SF0031505 | BI43: Visited | BJ43: 46197 | BK43: Borrower Not Available | BL43: Borrower Family Member | BM43: Not Available | BN43: No | BQ43: Borrower live at other place declaring by borrower's mother Morjekar; Now accepted and commit to pay the amount during calling.
A44: 40 | B44: West | C44: Maharashtra | D44: Pune | E44: Margao | F44: Margao | G44: GA2702 | H44: Sanquelim | I44: 38625 | J44: Kerim | K44: 38625 | L44: SF0103360 | M44: Parshuram Sitaram Naik | N44: 58298 | O44: 75 | P44: 85705 | Q44: ABCD | R44: Unnati | S44: SSF5897254 | T44: SSF5897254 | U44: GENERAL | V44: HINDU | W44: 0 | X44: Tent House | Y44: 358765906 | Z44: SAKSHI SANJAY AMONKAR | AA44: 02-Nov-2024 | AB44: 30000 | AC44: 9 | AD44: 18 | AE44: IL-1 | AF44: 2.24 Yrs | AG44: 25 Mar 2024 | AH44: > 2 to 4 Years | AI44: 09-Dec-2024 | AJ44: 2010 | AK44: 2010 | AL44: 25-Oct-2025 | AM44: 16825.15 | AN44: 5284.85 | AO44: 22110 | AP44: 13174.85 | AQ44: 1124.15 | AR44: 14299 | AS44: 13174.85 | AT44: 1124.15 | AU44: 14299 | AV44: 19 | BB44: Open | BE44: 0 | BF44: SSF5897254 | BG44: 8263067153 | BH44: Umesh Halmare/SF0031505 | BI44: Visited | BJ44: 46197 | BK44: Borrower Not Available | BL44: Borrower Family Member | BM44: Not Available | BN44: No | BQ44: Borrower live at other place declaring by borrower's mother Morjekar; Now accepted and commit to pay the amount during calling.
A45: 41 | B45: West | C45: Maharashtra | D45: Pune | E45: Margao | F45: Margao | G45: GA2702 | H45: Sanquelim | I45: 38613 | J45: Boma | K45: 38613 | L45: SF0101636 | M45: Ramesh Suresh Milaganavar | N45: 58245 | O45: 513043 | P45: 668404 | Q45: Big Bite 513043 G1 | R45: Chetana | S45: SID951374058674 | T45: SID951374058674 | U45: EBC | V45: HINDU | W45: 541 | X45: ALMIRAH Making | Y45: 350106173 | Z45: SAPANA ARUN mayekar | AA45: 31-Dec-2022 | AB45: 53434 | AC45: 8 | AD45: 24 | AE45: 3 | AF45: 5.75 Yrs | AG45: 21 Oct 2020 | AH45: > 4 to 6 Years | AI45: 08-Feb-2023 | AJ45: 2256 | AK45: 2900 | AL45: 08-Aug-2024 | AM45: 39802.97 | AN45: 14653.03 | AO45: 54456 | AP45: 13631.03 | AQ45: 868.97 | AR45: 14500 | AS45: 13631.03 | AT45: 868.97 | AU45: 14500 | AV45: 41 | BB45: Open | BE45: 0 | BF45: SID951374058674 | BG45: 9822139033 | BH45: Umesh Halmare/SF0031505 | BI45: Visited | BJ45: 46197 | BK45: Borrower Not Available | BL45: Borrower Family Member | BM45: Not Available | BN45: No | BQ45: Co borrower accepted and agree to pay the amount as OTS.
A46: 42 | B46: West | C46: Maharashtra | D46: Pune | E46: Margao | F46: Margao | G46: GA2702 | H46: Sanquelim | I46: 38613 | J46: Boma | K46: 38613 | L46: SF0101636 | M46: Ramesh Suresh Milaganavar | N46: 58245 | O46: 513043 | P46: 668404 | Q46: Big Bite 513043 G1 | R46: Unnati | S46: SID951374058674 | T46: SID951374058674 | U46: EBC | V46: HINDU | W46: 541 | X46: Agriculture & Farming | Y46: 352301053 | Z46: SAPANA ARUN MAYEKAR | AA46: 27-Jul-2023 | AB46: 30000 | AC46: 8 | AD46: 18 | AE46: 0 | AF46: 5.75 Yrs | AG46: 21 Oct 2020 | AH46: > 4 to 6 Years | AI46: 08-Sep-2023 | AJ46: 2020 | AK46: 2020 | AL46: 08-Aug-2024 | AM46: 18469.52 | AN46: 5770.48 | AO46: 24240 | AP46: 11530.48 | AQ46: 876.52 | AR46: 12407 | AS46: 11530.48 | AT46: 876.52 | AU46: 12407 | AV46: 34 | BB46: Open | BE46: 0 | BF46: SID951374058674 | BG46: 9822139033 | BH46: Umesh Halmare/SF0031505 | BI46: Visited | BJ46: 46197 | BK46: Borrower Not Available | BL46: Borrower Family Member | BM46: Not Available | BN46: No | BQ46: Co borrower accepted and agree to pay the amount as OTS.
A47: 43 | B47: West | C47: Maharashtra | D47: Pune | E47: Margao | F47: Margao | G47: GA2702 | H47: Sanquelim | I47: 38597 | J47: Bichoalim | K47: 38597 | L47: SF0103360 | M47: Parshuram Sitaram Naik | N47: 58200 | O47: 500372 | P47: 85485 | Q47: MANJU | R47: Chetana | S47: SSF5591322 | T47: SSF5591322 | U47: GENERAL | V47: HINDU | W47: 0 | X47: Tent House | Y47: 355341976 | Z47: VINESHA VINAY SHIRODKAR | AA47: 19-Feb-2024 | AB47: 35000 | AC47: 4 | AD47: 24 | AE47: 1 | AF47: 2.34 Yrs | AG47: 19 Feb 2024 | AH47: > 2 to 4 Years | AI47: 04-Apr-2024 | AJ47: 1870 | AK47: 1870 | AL47: 28-May-2026 | AM47: 29396.67 | AN47: 10264.33 | AO47: 39661 | AP47: 5603.33 | AQ47: 132.67 | AR47: 5736 | AS47: 5603.33 | AT47: 132.67 | AU47: 5736 | AV47: 27 | BB47: Open | BE47: 0 | BF47: SSF5591322 | BG47: 8408921718 | BH47: Umesh Halmare/SF0031505 | BI47: Visited | BJ47: 46197 | BK47: Borrower Available | BL47: Borrower | BM47: Not Available | BN47: No | BQ47: Co borrower death in month April 26 as after close the tenure and now borrower not agree to pay the outstanding amount.
A48: 44 | B48: West | C48: Maharashtra | D48: Pune | E48: Margao | F48: Margao | G48: GA2702 | H48: Sanquelim | I48: 38597 | J48: Bichoalim | K48: 38597 | L48: SF0103360 | M48: Parshuram Sitaram Naik | N48: 58200 | O48: 500372 | P48: 85485 | Q48: MANJU | R48: Unnati | S48: SSF5591322 | T48: SSF5591322 | U48: GENERAL | V48: HINDU | W48: 0 | X48: Tent House | Y48: 357822077 | Z48: VINESHA VINAY SHIRODKAR | AA48: 31-Jul-2024 | AB48: 30000 | AC48: 4 | AD48: 18 | AE48: IL-1 | AF48: 2.34 Yrs | AG48: 19 Feb 2024 | AH48: > 2 to 4 Years | AI48: 04-Sep-2024 | AJ48: 2020 | AK48: 2020 | AL48: 18-Mar-2026 | AM48: 22296.09 | AN48: 6013.91 | AO48: 28310 | AP48: 7703.91 | AQ48: 381.09 | AR48: 8085 | AS48: 7703.91 | AT48: 381.09 | AU48: 8085 | AV48: 22 | BB48: Open | BE48: 0 | BF48: SSF5591322 | BG48: 8408921718 | BH48: Umesh Halmare/SF0031505 | BI48: Visited | BJ48: 46197 | BK48: Borrower Available | BL48: Borrower | BM48: Not Available | BN48: No | BQ48: Co borrower death in month April 26 as after close the tenure and now borrower not agree to pay the outstanding amount.
A49: 45 | B49: West | C49: Maharashtra | D49: Pune | E49: Margao | F49: Margao | G49: GA2702 | H49: Sanquelim | I49: 38597 | J49: Bichoalim | K49: 38597 | L49: SF0101636 | M49: Ramesh Suresh Milaganavar | N49: 306173 | O49: Bicholim C12 | P49: 416215 | Q49: Bicholim C1 sangeeta 21 | R49: Chetana | S49: SSF2335946 | T49: SSF2335946 | U49: GENERAL | V49: HINDU | W49: 0 | X49: Agriculture & Farming | Y49: 358342242 | Z49: PRERANA PREMNANAND ROPUT | AA49: 30-Sep-2024 | AB49: 72000 | AC49: 5 | AD49: 24 | AE49: GL-3 | AF49: 4.38 Yrs | AG49: 05 Feb 2022 | AH49: > 4 to 6 Years | AI49: 05-Nov-2024 | AJ49: 3830 | AK49: 3830 | AL49: 05-Jan-2025 | AM49: 6890.6 | AN49: 4599.4 | AO49: 11490 | AP49: 65109.4 | AQ49: 15823.6 | AR49: 80933 | AS49: 50087.08 | AT49: 15022.92 | AU49: 65110 | AV49: 20 | BB49: Open | BE49: 0 | BF49: SSF2335946 | BG49: 9765946925 | BH49: Umesh Halmare/SF0031505 | BI49: Visited | BJ49: 46197 | BK49: Borrower-Migrated | BL49: Other Borrower | BM49: Available | BN49: Yes | BO49: 3830 | BP49: Loan Card | BQ49: As per loan card Credit Assistant SF0068399_Nikhil Nandkumar Kamble collected 01 EMI amount of total Rs.3,830/- on 05th february-2025 from the Borrower- Prerana Premnanad Roput for Loan No- 358342242, which were not posted in FIMO nor submitted at the branch. But Centre Leader Sangita Rajaram Balav Contact No. 9921973330 declaring that Borrower Prerana Premanand Roput migrated without intimation to other in month Jan 2025 so she not paid the amount of month Feb 2025, Updated signature wrongly made by Credit Assistant SF0068399_Nikhil Nandkumar Kamble.
A50: 46 | B50: West | C50: Maharashtra | D50: Pune | E50: Margao | F50: Margao | G50: GA2702 | H50: Sanquelim | I50: 38597 | J50: Bichoalim | K50: 38597 | L50: SF0101636 | M50: Ramesh Suresh Milaganavar | N50: 58426 | O50: 705587 | P50: 85756 | Q50: MAHESHWARI | R50: Chetana | S50: SSF4411012 | T50: SSF4411012 | U50: SC | V50: HINDU | W50: 0 | X50: Tent House | Y50: 358679468 | Z50: ANUSUYA RAYA PARWAR | AA50: 28-Oct-2024 | AB50: 65000 | AC50: 4 | AD50: 24 | AE50: GL-2 | AF50: 2.82 Yrs | AG50: 28 Aug 2023 | AH50: > 2 to 4 Years | AI50: 04-Dec-2024 | AJ50: 3460 | AK50: 3460 | AL50: 04-Jun-2026 | AM50: 48291.22 | AN50: 17448.78 | AO50: 65740 | AP50: 16708.78 | AQ50: 1072.22 | AR50: 17781 | AS50: 0 | AT50: 0 | AU50: 0 | AV50: 19 | BB50: Open | BE50: 0 | BF50: SSF4411012 | BG50: 9764622342 | BH50: Vaibhav Bhoi/SF0044947 | BI50: Visited | BJ50: 46204 | BK50: Borrower Available | BL50: Borrower | BM50: Available | BN50: No | BQ50: During Visted Find This Borrower Are On Time Paid Also Loan Card and Register Updated In Center Meeting
A51: 47 | B51: West | C51: Maharashtra | D51: Pune | E51: Margao | F51: Margao | G51: GA2702 | H51: Sanquelim | I51: 38597 | J51: Bichoalim | K51: 38597 | L51: SF0101636 | M51: Ramesh Suresh Milaganavar | N51: 58354 | O51: 508061 | P51: 85716 | Q51: Swastic | R51: Chetana | S51: SSF3462072 | T51: SSF3462072 | U51: GENERAL | V51: HINDU | W51: 0 | X51: Agriculture & Farming | Y51: 357334485 | Z51: ARUNA ANIL PATIL | AA51: 19-Jun-2024 | AB51: 65000 | AC51: 4 | AD51: 24 | AE51: GL-2 | AF51: 3.32 Yrs | AG51: 25 Feb 2023 | AH51: > 2 to 4 Years | AI51: 04-Aug-2024 | AJ51: 3470 | AK51: 3470 | AL51: 04-Jun-2026 | AM51: 60523.39 | AN51: 19286.61 | AO51: 79810 | AP51: 4476.61 | AQ51: 92.39 | AR51: 4569 | AS51: 0 | AT51: 0 | AU51: 0 | AV51: 23 | BB51: Open | BE51: 0 | BF51: SSF3462072 | BG51: 9049975680 | BH51: Vaibhav Bhoi/SF0044947 | BI51: Visited | BJ51: 46204 | BK51: Borrower Available | BL51: Borrower | BM51: Not Available | BN51: No | BQ51: During Visted Find This Borrower Are On Time Paid But Loan Card Not Availble During Visited
A52: 48 | B52: West | C52: Maharashtra | D52: Pune | E52: Margao | F52: Margao | G52: GA2702 | H52: Sanquelim | I52: 38597 | J52: Bichoalim | K52: 38597 | L52: SF0101636 | M52: Ramesh Suresh Milaganavar | N52: 58354 | O52: 508061 | P52: 85716 | Q52: Swastic | R52: Unnati | S52: SSF3462072 | T52: SSF3462072 | U52: GENERAL | V52: HINDU | W52: 0 | X52: Agriculture & Farming | Y52: 359114457 | Z52: ARUNA ANIL PATIL | AA52: 06-Jan-2025 | AB52: 30000 | AC52: 4 | AD52: 18 | AE52: IL-2 | AF52: 3.32 Yrs | AG52: 25 Feb 2023 | AH52: > 2 to 4 Years | AI52: 04-Feb-2025 | AJ52: 2010 | AK52: 2010 | AL52: 18-Jun-2026 | AM52: 28067.97 | AN52: 6102.03 | AO52: 34170 | AP52: 1932.03 | AQ52: 39.97 | AR52: 1972 | AS52: 0 | AT52: 0 | AU52: 0 | AV52: 17 | BB52: Open | BE52: 0 | BF52: SSF3462072 | BG52: 9049975680 | BH52: Vaibhav Bhoi/SF0044947 | BI52: Visited | BJ52: 46204 | BK52: Borrower Available | BL52: Borrower | BM52: Not Available | BN52: No | BQ52: During Visted Find This Borrower Are On Time Paid But Loan Card Not Availble During Visited
A53: 49 | B53: West | C53: Maharashtra | D53: Pune | E53: Margao | F53: Margao | G53: GA2702 | H53: Sanquelim | I53: 38597 | J53: Bichoalim | K53: 38597 | L53: SF0101636 | M53: Ramesh Suresh Milaganavar | N53: 58426 | O53: 705587 | P53: 85756 | Q53: MAHESHWARI | R53: Chetana | S53: SID951375964492 | T53: SID951375964492 | U53: EBC | V53: HINDU | W53: 0 | X53: Agriculture & Farming | Y53: 359089769 | Z53: CHANDRAKALA CHANDRAKANT PARWAR | AA53: 14-Jan-2025 | AB53: 52000 | AC53: 4 | AD53: 24 | AE53: GL-3 | AF53: 5.47 Yrs | AG53: 24 Oct 2020 | AH53: > 4 to 6 Years | AI53: 04-Feb-2025 | AJ53: 2740 | AK53: 2740 | AL53: 04-Jun-2026 | AM53: 34683.34 | AN53: 11896.66 | AO53: 46580 | AP53: 17316.66 | AQ53: 1375.34 | AR53: 18692 | AS53: 0 | AT53: 0 | AU53: 0 | AV53: 17 | BB53: Open | BE53: 0 | BF53: SID951375964492 | BG53: 9373549651 | BH53: Vaibhav Bhoi/SF0044947 | BI53: Visited | BJ53: 46204 | BK53: Borrower Available | BL53: Borrower | BM53: Available | BN53: No | BQ53: During Visted Find This Borrower Are On Time Paid Also Loan Card and Register Updated In Center Meeting
A54: 50 | B54: West | C54: Maharashtra | D54: Pune | E54: Margao | F54: Margao | G54: GA2702 | H54: Sanquelim | I54: 38656 | J54: Koparde | K54: 38656 | L54: SF0103360 | M54: Parshuram Sitaram Naik | N54: 549809 | O54: Koparde C3 | P54: 913434 | Q54: SANJU 2 C3 G1 | R54: Chetana | S54: SID951375201702 | T54: SID951375201702 | U54: EBC | V54: HINDU | W54: 0 | X54: Agriculture & Farming | Y54: 357557278 | Z54: DEEPALI DAMODAR PARWAR | AA54: 08-Jul-2024 | AB54: 80000 | AC54: 6 | AD54: 24 | AE54: GL-4 | AF54: 6.76 Yrs | AG54: 22 Jan 2021 | AH54: > 6 to 10 Years | AI54: 06-Aug-2024 | AJ54: 4270 | AK54: 4270 | AL54: 06-Jun-2026 | AM54: 75933.92 | AN54: 22276.08 | AO54: 98210 | AP54: 4066.08 | AQ54: 83.92 | AR54: 4150 | AS54: 0 | AT54: 0 | AU54: 0 | AV54: 23 | BB54: Open | BE54: 0 | BF54: SID951375201702 | BG54: 9765852651 | BH54: Vaibhav Bhoi/SF0044947 | BI54: Visited | BJ54: 46204 | BK54: Borrower Available | BL54: Borrower | BM54: Available | BN54: No | BQ54: During Visted Find This Borrower Are On Time Paid Also Loan Card and Register Updated In Center Meeting
A55: 51 | B55: West | C55: Maharashtra | D55: Pune | E55: Margao | F55: Margao | G55: GA2702 | H55: Sanquelim | I55: 38596 | J55: Sanquelim | K55: 38596 | L55: SF0103360 | M55: Parshuram Sitaram Naik | N55: 58397 | O55: 101 | P55: 85786 | Q55: Vaibhavi | R55: Chetana | S55: SSF3408429 | T55: SSF3408429 | U55: GENERAL | V55: HINDU | W55: 0 | X55: Agriculture & Farming | Y55: 358479820 | Z55: GEETA GANESH NAIK | AA55: 12-Oct-2024 | AB55: 62000 | AC55: 6 | AD55: 24 | AE55: GL-2 | AF55: 3.33 Yrs | AG55: 23 Feb 2023 | AH55: > 2 to 4 Years | AI55: 06-Nov-2024 | AJ55: 3300 | AK55: 3300 | AL55: 06-Jun-2026 | AM55: 49792.84 | AN55: 16207.16 | AO55: 66000 | AP55: 12207.16 | AQ55: 626.84 | AR55: 12834 | AS55: 0 | AT55: 0 | AU55: 0 | AV55: 20 | BB55: Open | BE55: 0 | BF55: SSF3408429 | BG55: 9765186937 | BH55: Vaibhav Bhoi/SF0044947 | BI55: Visited | BJ55: 46204 | BK55: Borrower Available | BL55: Borrower | BM55: Available | BN55: No | BQ55: During Visted Find This Borrower Are On Time Paid Also Loan Card and Register Updated In Center Meeting
A56: 52 | B56: West | C56: Maharashtra | D56: Pune | E56: Margao | F56: Margao | G56: GA2702 | H56: Sanquelim | I56: 38656 | J56: Koparde | K56: 38656 | L56: SF0103360 | M56: Parshuram Sitaram Naik | N56: 58444 | O56: 637415 | P56: 664766 | Q56: sanju1 637415 G1 | R56: Chetana | S56: SSF3434000 | T56: SSF3434000 | U56: SC | V56: HINDU | W56: 0 | X56: Agriculture & Farming | Y56: 357499146 | Z56: KOMAL KAMLESH GAONKAR | AA56: 30-Jun-2024 | AB56: 65000 | AC56: 6 | AD56: 24 | AE56: GL-2 | AF56: 3.33 Yrs | AG56: 22 Feb 2023 | AH56: > 2 to 4 Years | AI56: 06-Aug-2024 | AJ56: 3470 | AK56: 3470 | AL56: 12-Jun-2026 | AM56: 61153.97 | AN56: 18656.03 | AO56: 79810 | AP56: 3846.03 | AQ56: 79.97 | AR56: 3926 | AS56: 0 | AT56: 0 | AU56: 0 | AV56: 23 | BB56: Open | BE56: 0 | BF56: SSF3434000 | BG56: 7507668198 | BH56: Vaibhav Bhoi/SF0044947 | BI56: Visited | BJ56: 46204 | BK56: Borrower Available | BL56: Borrower | BM56: Available | BN56: No | BQ56: During Visted Find This Borrower Are On Time Paid Also Loan Card and Register Updated In Center Meeting
A57: 53 | B57: West | C57: Maharashtra | D57: Pune | E57: Margao | F57: Margao | G57: GA2702 | H57: Sanquelim | I57: 38656 | J57: Koparde | K57: 38656 | L57: SF0103360 | M57: Parshuram Sitaram Naik | N57: 549809 | O57: Koparde C3 | P57: 913434 | Q57: SANJU 2 C3 G1 | R57: Chetana | S57: SSF2948584 | T57: SSF2948584 | U57: EBC | V57: HINDU | W57: 0 | X57: Agriculture & Farming | Y57: 357563359 | Z57: KRUTIKA KANTA PARWAR | AA57: 09-Jul-2024 | AB57: 65000 | AC57: 6 | AD57: 24 | AE57: GL-2 | AF57: 3.61 Yrs | AG57: 14 Nov 2022 | AH57: > 2 to 4 Years | AI57: 06-Aug-2024 | AJ57: 3470 | AK57: 3470 | AL57: 06-Jun-2026 | AM57: 61784.6 | AN57: 18025.4 | AO57: 79810 | AP57: 3215.4 | AQ57: 66.6 | AR57: 3282 | AS57: 0 | AT57: 0 | AU57: 0 | AV57: 23 | BB57: Open | BE57: 0 | BF57: SSF2948584 | BG57: 8975533367 | BH57: Vaibhav Bhoi/SF0044947 | BI57: Visited | BJ57: 46204 | BK57: Borrower Available | BL57: Borrower | BM57: Available | BN57: No | BQ57: During Visted Find This Borrower Are On Time Paid Also Loan Card and Register Updated In Center Meeting
A58: 54 | B58: West | C58: Maharashtra | D58: Pune | E58: Margao | F58: Margao | G58: GA2702 | H58: Sanquelim | I58: 38596 | J58: Sanquelim | K58: 38596 | L58: SF0103360 | M58: Parshuram Sitaram Naik | N58: 58397 | O58: 101 | P58: 85786 | Q58: Vaibhavi | R58: Chetana | S58: SSF3723527 | T58: SSF3723527 | U58: GENERAL | V58: HINDU | W58: 0 | X58: Weaving Business | Y58: 358919695 | Z58: KUSUM DEVI HARISHKUMAR SINGH | AA58: 14-Nov-2024 | AB58: 65000 | AC58: 6 | AD58: 24 | AE58: GL-2 | AF58: 3.22 Yrs | AG58: 03 Apr 2023 | AH58: > 2 to 4 Years | AI58: 06-Dec-2024 | AJ58: 3460 | AK58: 3460 | AL58: 06-Jun-2026 | AM58: 49245.6 | AN58: 16494.4 | AO58: 65740 | AP58: 15754.4 | AQ58: 968.6 | AR58: 16723 | AS58: 0 | AT58: 0 | AU58: 0 | AV58: 19 | BB58: Open | BE58: 0 | BF58: SSF3723527 | BG58: 8552016192 | BH58: Vaibhav Bhoi/SF0044947 | BI58: Visited | BJ58: 46204 | BK58: Borrower Available | BL58: Borrower | BM58: Available | BN58: No | BQ58: During Visted Find This Borrower Are On Time Paid Also Loan Card and Register Updated In Center Meeting
A59: 55 | B59: West | C59: Maharashtra | D59: Pune | E59: Margao | F59: Margao | G59: GA2702 | H59: Sanquelim | I59: 38597 | J59: Bichoalim | K59: 38597 | L59: SF0101636 | M59: Ramesh Suresh Milaganavar | N59: 58426 | O59: 705587 | P59: 85756 | Q59: MAHESHWARI | R59: Chetana | S59: SSF4410739 | T59: SSF4410739 | U59: SC | V59: HINDU | W59: 0 | X59: Agriculture & Farming | Y59: 358679588 | Z59: NAMRATA PARWAR | AA59: 28-Oct-2024 | AB59: 65000 | AC59: 4 | AD59: 24 | AE59: GL-2 | AF59: 2.82 Yrs | AG59: 28 Aug 2023 | AH59: > 2 to 4 Years | AI59: 04-Dec-2024 | AJ59: 3460 | AK59: 3460 | AL59: 04-Jun-2026 | AM59: 48291.22 | AN59: 17448.78 | AO59: 65740 | AP59: 16708.78 | AQ59: 1072.22 | AR59: 17781 | AS59: 0 | AT59: 0 | AU59: 0 | AV59: 19 | BB59: Open | BE59: 0 | BF59: SSF4410739 | BG59: 9764631790 | BH59: Vaibhav Bhoi/SF0044947 | BI59: Visited | BJ59: 46204 | BK59: Borrower Available | BL59: Borrower | BM59: Available | BN59: No | BQ59: During Visted Find This Borrower Are On Time Paid Also Loan Card and Register Updated In Center Meeting
A60: 56 | B60: West | C60: Maharashtra | D60: Pune | E60: Margao | F60: Margao | G60: GA2702 | H60: Sanquelim | I60: 38656 | J60: Koparde | K60: 38656 | L60: SF0103360 | M60: Parshuram Sitaram Naik | N60: 549809 | O60: Koparde C3 | P60: 913435 | Q60: SANJU 3 C3 G2 | R60: Chetana | S60: SSF6105886 | T60: SSF6105886 | U60: OBC | V60: HINDU | W60: 0 | X60: Construction Activity | Y60: 359540037 | Z60: NANDITA NAVSO PARWAR | AA60: 02-Aug-2025 | AB60: 65000 | AC60: 6 | AD60: 24 | AE60: GL-2 | AF60: 2.14 Yrs | AG60: 01 May 2024 | AH60: > 2 to 4 Years | AI60: 06-Sep-2025 | AJ60: 3460 | AK60: 3460 | AL60: 06-Jun-2026 | AM60: 23060.13 | AN60: 11539.87 | AO60: 34600 | AP60: 41939.87 | AQ60: 6824.13 | AR60: 48764 | AS60: 0 | AT60: 0 | AU60: 0 | AV60: 10 | BB60: Open | BE60: 0 | BF60: SSF6105886 | BG60: 9823869931 | BH60: Vaibhav Bhoi/SF0044947 | BI60: Visited | BJ60: 46204 | BK60: Borrower Available | BL60: Borrower | BM60: Available | BN60: No | BQ60: During Visted Find This Borrower Are On Time Paid Also Loan Card and Register Updated In Center Meeting
A61: 57 | B61: West | C61: Maharashtra | D61: Pune | E61: Margao | F61: Margao | G61: GA2702 | H61: Sanquelim | I61: 38617 | J61: Piligao | K61: 38617 | L61: SF0101636 | M61: Ramesh Suresh Milaganavar | N61: 58281 | O61: 110 | P61: 85579 | Q61: Rahim | R61: Chetana | S61: SSF3566775 | T61: SSF3566775 | U61: GENERAL | V61: HINDU | W61: 0 | X61: Agriculture & Farming | Y61: 357871442 | Z61: NIKITA HEMANT PALKAR | AA61: 05-Aug-2024 | AB61: 65000 | AC61: 5 | AD61: 24 | AE61: GL-2 | AF61: 3.26 Yrs | AG61: 21 Mar 2023 | AH61: > 2 to 4 Years | AI61: 05-Sep-2024 | AJ61: 3470 | AK61: 3470 | AL61: 05-Jun-2026 | AM61: 58285.34 | AN61: 18054.66 | AO61: 76340 | AP61: 6714.66 | AQ61: 210.34 | AR61: 6925 | AS61: 0 | AT61: 0 | AU61: 0 | AV61: 22 | BB61: Open | BE61: 0 | BF61: SSF3566775 | BG61: 8999691056 | BH61: Vaibhav Bhoi/SF0044947 | BI61: Visited | BJ61: 46204 | BK61: Borrower Not Available | BL61: Other Borrower | BM61: Available | BN61: No | BQ61: During Visted Find This Borrower Are On Time Paid But Borrower Not Available
A62: 58 | B62: West | C62: Maharashtra | D62: Pune | E62: Margao | F62: Margao | G62: GA2702 | H62: Sanquelim | I62: 38656 | J62: Koparde | K62: 38656 | L62: SF0103360 | M62: Parshuram Sitaram Naik | N62: 549809 | O62: Koparde C3 | P62: 913436 | Q62: SANTOSHI 3 C3 G3 | R62: Chetana | S62: SID951374900144 | T62: SID951374900144 | U62: GENERAL | V62: HINDU | W62: 0 | X62: Agriculture & Farming | Y62: 357916366 | Z62: NILAKSHI NARAYAN NAIK | AA62: 10-Aug-2024 | AB62: 80000 | AC62: 6 | AD62: 24 | AE62: GL-4 | AF62: 6.98 Yrs | AG62: 22 Dec 2020 | AH62: > 6 to 10 Years | AI62: 06-Sep-2024 | AJ62: 4270 | AK62: 4270 | AL62: 06-Jun-2026 | AM62: 72052.36 | AN62: 21887.64 | AO62: 93940 | AP62: 7947.64 | AQ62: 245.36 | AR62: 8193 | AS62: 0 | AT62: 0 | AU62: 0 | AV62: 22 | BB62: Open | BE62: 0 | BF62: SID951374900144 | BG62: 7498714364 | BH62: Vaibhav Bhoi/SF0044947 | BI62: Visited | BJ62: 46204 | BK62: Borrower Available | BL62: Borrower | BM62: Available | BN62: No | BQ62: During Visted Find This Borrower Are On Time Paid Also Loan Card and Register Updated In Center Meeting
A63: 59 | B63: West | C63: Maharashtra | D63: Pune | E63: Margao | F63: Margao | G63: GA2702 | H63: Sanquelim | I63: 38597 | J63: Bichoalim | K63: 38597 | L63: SF0101636 | M63: Ramesh Suresh Milaganavar | N63: 319515 | O63: Bicholim C3 | P63: 442262 | Q63: Bicholim C3 Munni1 | R63: Chetana | S63: SSF2421202 | T63: SSF2421202 | U63: GENERAL | V63: HINDU | W63: 0 | X63: Agriculture & Farming | Y63: 357746527 | Z63: PARVATI HASARAM DAHIYA | AA63: 23-Jul-2024 | AB63: 65000 | AC63: 5 | AD63: 24 | AE63: GL-2 | AF63: 4.07 Yrs | AG63: 12 Mar 2022 | AH63: > 4 to 6 Years | AI63: 05-Sep-2024 | AJ63: 3470 | AK63: 3470 | AL63: 05-Jun-2026 | AM63: 57393.4 | AN63: 18946.6 | AO63: 76340 | AP63: 7606.6 | AQ63: 248.4 | AR63: 7855 | AS63: 0 | AT63: 0 | AU63: 0 | AV63: 22 | BB63: Open | BE63: 0 | BF63: SSF2421202 | BG63: 7798524683 | BH63: Vaibhav Bhoi/SF0044947 | BI63: Visited | BJ63: 46204 | BK63: Borrower Available | BL63: Borrower | BM63: Available | BN63: No | BQ63: During Visted Find This Borrower Are On Time Paid Also Loan Card and Register Updated In Center Meeting
A64: 60 | B64: West | C64: Maharashtra | D64: Pune | E64: Margao | F64: Margao | G64: GA2702 | H64: Sanquelim | I64: 38656 | J64: Koparde | K64: 38656 | L64: SF0103360 | M64: Parshuram Sitaram Naik | N64: 549809 | O64: Koparde C3 | P64: 913435 | Q64: SANJU 3 C3 G2 | R64: Chetana | S64: SSF6378311 | T64: SSF6378311 | U64: GENERAL | V64: HINDU | W64: 0 | X64: Agriculture & Farming | Y64: 357749769 | Z64: PRIYA pravin naik | AA64: 23-Jul-2024 | AB64: 42000 | AC64: 6 | AD64: 24 | AE64: GL-1 | AF64: 1.92 Yrs | AG64: 23 Jul 2024 | AH64: <= 2 Years | AI64: 06-Sep-2024 | AJ64: 2240 | AK64: 2240 | AL64: 06-Jun-2026 | AM64: 36981.25 | AN64: 12298.75 | AO64: 49280 | AP64: 5018.75 | AQ64: 165.25 | AR64: 5184 | AS64: 0 | AT64: 0 | AU64: 0 | AV64: 22 | BB64: Open | BE64: 0 | BF64: SSF6378311 | BG64: 9607054559 | BH64: Vaibhav Bhoi/SF0044947 | BI64: Visited | BJ64: 46204 | BK64: Borrower Available | BL64: Borrower | BM64: Available | BN64: No | BQ64: During Visted Find This Borrower Are On Time Paid Also Loan Card and Register Updated In Center Meeting
A65: 61 | B65: West | C65: Maharashtra | D65: Pune | E65: Margao | F65: Margao | G65: GA2702 | H65: Sanquelim | I65: 38656 | J65: Koparde | K65: 38656 | L65: SF0103360 | M65: Parshuram Sitaram Naik | N65: 549809 | O65: Koparde C3 | P65: 913435 | Q65: SANJU 3 C3 G2 | R65: Unnati | S65: SSF6378311 | T65: SSF6378311 | U65: GENERAL | V65: HINDU | W65: 0 | X65: Agriculture & Farming | Y65: 359331909 | Z65: PRIYA PRAVIN NAIK | AA65: 11-Jun-2025 | AB65: 30000 | AC65: 6 | AD65: 18 | AE65: IL-1 | AF65: 1.92 Yrs | AG65: 23 Jul 2024 | AH65: <= 2 Years | AI65: 06-Jul-2025 | AJ65: 2010 | AK65: 2010 | AL65: 06-Jun-2026 | AM65: 18847.29 | AN65: 5272.71 | AO65: 24120 | AP65: 11152.71 | AQ65: 817.29 | AR65: 11970 | AS65: 0 | AT65: 0 | AU65: 0 | AV65: 12 | BB65: Open | BE65: 0 | BF65: SSF6378311 | BG65: 9607054559 | BH65: Vaibhav Bhoi/SF0044947 | BI65: Visited | BJ65: 46204 | BK65: Borrower Available | BL65: Borrower | BM65: Available | BN65: No | BQ65: During Visted Find This Borrower Are On Time Paid Also Loan Card and Register Updated In Center Meeting
A66: 62 | B66: West | C66: Maharashtra | D66: Pune | E66: Margao | F66: Margao | G66: GA2702 | H66: Sanquelim | I66: 38597 | J66: Bichoalim | K66: 38597 | L66: SF0101636 | M66: Ramesh Suresh Milaganavar | N66: 58354 | O66: 508061 | P66: 701489 | Q66: 508061 Sunflower3 | R66: Chetana | S66: SSF6508059 | T66: SSF6508059 | U66: GENERAL | V66: MUSLIM | W66: 0 | X66: Agriculture & Farming | Y66: 358377564 | Z66: RASHIDA SHILEDAR | AA66: 23-Oct-2024 | AB66: 42000 | AC66: 4 | AD66: 24 | AE66: GL-1 | AF66: 1.66 Yrs | AG66: 23 Oct 2024 | AH66: <= 2 Years | AI66: 04-Dec-2024 | AJ66: 2240 | AK66: 2240 | AL66: 04-Jun-2026 | AM66: 31096.93 | AN66: 11463.07 | AO66: 42560 | AP66: 10903.07 | AQ66: 703.93 | AR66: 11607 | AS66: 0 | AT66: 0 | AU66: 0 | AV66: 19 | BB66: Open | BE66: 0 | BF66: SSF6508059 | BG66: 8390402543 | BH66: Vaibhav Bhoi/SF0044947 | BI66: Visited | BJ66: 46204 | BK66: Borrower Available | BL66: Borrower | BM66: Available | BN66: No | BQ66: During Visted Find This Borrower Are On Time Paid Also Loan Card and Register Updated In Center Meeting
A67: 63 | B67: West | C67: Maharashtra | D67: Pune | E67: Margao | F67: Margao | G67: GA2702 | H67: Sanquelim | I67: 38617 | J67: Piligao | K67: 38617 | L67: SF0101636 | M67: Ramesh Suresh Milaganavar | N67: 58281 | O67: 110 | P67: 85579 | Q67: Rahim | R67: Chetana | S67: CID102009930 | T67: CID102009930 | U67: GENERAL | V67: HINDU | W67: 0 | X67: Agriculture & Farming | Y67: 356099813 | Z67: RASHIKA Premanand goankar | AA67: 23-Mar-2024 | AB67: 64000 | AC67: 5 | AD67: 30 | AE67: 6 | AF67: 2.25 Yrs | AG67: 24 Mar 2021 | AH67: > 2 to 4 Years | AI67: 05-May-2024 | AJ67: 2890 | AK67: 2890 | AL67: 11-Jun-2026 | AM67: 52018.53 | AN67: 23121.47 | AO67: 75140 | AP67: 11981.47 | AQ67: 666.53 | AR67: 12648 | AS67: 0 | AT67: 0 | AU67: 0 | AV67: 26 | BB67: Open | BE67: 0 | BF67: CID102009930 | BG67: 8087801124 | BH67: Vaibhav Bhoi/SF0044947 | BI67: Visited | BJ67: 46204 | BK67: Borrower Not Available | BL67: Other Borrower | BM67: Available | BN67: No | BQ67: During Visted Find This Borrower Are On Time Paid But Borrower Not Available
A68: 64 | B68: West | C68: Maharashtra | D68: Pune | E68: Margao | F68: Margao | G68: GA2702 | H68: Sanquelim | I68: 38597 | J68: Bichoalim | K68: 38597 | L68: SF0101636 | M68: Ramesh Suresh Milaganavar | N68: 58426 | O68: 705587 | P68: 915313 | Q68: MAHESHWARI 2 705587 G3 | R68: Unnati | S68: SSF3556054 | T68: SSF3556054 | U68: EBC | V68: HINDU | W68: 0 | X68: Tailor Shop | Y68: 359572380 | Z68: RENUKA ERESH KALSAPUR | AA68: 12-Aug-2025 | AB68: 40000 | AC68: 4 | AD68: 18 | AE68: IL-2 | AF68: 3.27 Yrs | AG68: 16 Mar 2023 | AH68: > 2 to 4 Years | AI68: 04-Sep-2025 | AJ68: 2670 | AK68: 2670 | AL68: 04-Jun-2026 | AM68: 20656.38 | AN68: 6043.62 | AO68: 26700 | AP68: 19343.62 | AQ68: 1793.38 | AR68: 21137 | AS68: 0 | AT68: 0 | AU68: 0 | AV68: 10 | BB68: Open | BE68: 0 | BF68: SSF3556054 | BG68: 7498148082 | BH68: Vaibhav Bhoi/SF0044947 | BI68: Visited | BJ68: 46204 | BK68: Borrower Available | BL68: Borrower | BM68: Available | BN68: No | BQ68: During Visted Find This Borrower Are On Time Paid Also Loan Card and Register Updated In Center Meeting
A69: 65 | B69: West | C69: Maharashtra | D69: Pune | E69: Margao | F69: Margao | G69: GA2702 | H69: Sanquelim | I69: 38596 | J69: Sanquelim | K69: 38596 | L69: SF0103360 | M69: Parshuram Sitaram Naik | N69: 58397 | O69: 101 | P69: 85786 | Q69: Vaibhavi | R69: Chetana | S69: SSF4061676 | T69: SSF4061676 | U69: EBC | V69: HINDU | W69: 0 | X69: Agriculture & Farming | Y69: 358488692 | Z69: RESHMI BIND | AA69: 15-Oct-2024 | AB69: 62000 | AC69: 6 | AD69: 24 | AE69: GL-2 | AF69: 2.99 Yrs | AG69: 28 Jun 2023 | AH69: > 2 to 4 Years | AI69: 06-Nov-2024 | AJ69: 3300 | AK69: 3300 | AL69: 06-Jun-2026 | AM69: 49978.63 | AN69: 16021.37 | AO69: 66000 | AP69: 12021.37 | AQ69: 610.63 | AR69: 12632 | AS69: 0 | AT69: 0 | AU69: 0 | AV69: 20 | BB69: Open | BE69: 0 | BF69: SSF4061676 | BG69: 7387686583 | BH69: Vaibhav Bhoi/SF0044947 | BI69: Visited | BJ69: 46204 | BK69: Borrower Available | BL69: Borrower | BM69: Available | BN69: No | BQ69: During Visted Find This Borrower Are On Time Paid Also Loan Card and Register Updated In Center Meeting
A70: 66 | B70: West | C70: Maharashtra | D70: Pune | E70: Margao | F70: Margao | G70: GA2702 | H70: Sanquelim | I70: 38652 | J70: Muslim Wada | K70: 38652 | L70: SF0101636 | M70: Ramesh Suresh Milaganavar | N70: 58274 | O70: 578604 | P70: 85571 | Q70: safiya 786 | R70: Chetana | S70: CID102001171 | T70: CID102001171 | U70: OBC | V70: MUSLIM | W70: 0 | X70: Agriculture & Farming | Y70: 357950951 | Z70: SAIDABI BASHIR SHALKH | AA70: 16-Aug-2024 | AB70: 80000 | AC70: 4 | AD70: 24 | AE70: GL-12 | AF70: 13.15 Yrs | AG70: 27 Apr 2021 | AH70: > 10 Years | AI70: 04-Oct-2024 | AJ70: 4230 | AK70: 4230 | AL70: 04-Jun-2026 | AM70: 66361.29 | AN70: 22468.71 | AO70: 88830 | AP70: 13638.71 | AQ70: 582.29 | AR70: 14221 | AS70: 0 | AT70: 0 | AU70: 0 | AV70: 21 | BB70: Open | BE70: 0 | BF70: CID102001171 | BG70: 7030884524 | BH70: Vaibhav Bhoi/SF0044947 | BI70: Visited | BJ70: 46204 | BK70: Borrower Available | BL70: Borrower | BM70: Available | BN70: No | BQ70: During Visted Find This Borrower Are On Time Paid Also Loan Card and Register Updated In Center Meeting
A71: 67 | B71: West | C71: Maharashtra | D71: Pune | E71: Margao | F71: Margao | G71: GA2702 | H71: Sanquelim | I71: 38597 | J71: Bichoalim | K71: 38597 | L71: SF0101636 | M71: Ramesh Suresh Milaganavar | N71: 58354 | O71: 508061 | P71: 701489 | Q71: 508061 Sunflower3 | R71: Chetana | S71: SSF6503200 | T71: SSF6503200 | U71: OBC | V71: MUSLIM | W71: 0 | X71: Agriculture & Farming | Y71: 358353213 | Z71: SALIMMA RAJASAB SHILEDAR | AA71: 23-Oct-2024 | AB71: 42000 | AC71: 4 | AD71: 24 | AE71: GL-1 | AF71: 1.66 Yrs | AG71: 23 Oct 2024 | AH71: <= 2 Years | AI71: 04-Dec-2024 | AJ71: 2240 | AK71: 2240 | AL71: 04-Jun-2026 | AM71: 31096.93 | AN71: 11463.07 | AO71: 42560 | AP71: 10903.07 | AQ71: 703.93 | AR71: 11607 | AS71: 0 | AT71: 0 | AU71: 0 | AV71: 19 | BB71: Open | BE71: 0 | BF71: SSF6503200 | BG71: 7972226727 | BH71: Vaibhav Bhoi/SF0044947 | BI71: Visited | BJ71: 46204 | BK71: Borrower Available | BL71: Borrower | BM71: Available | BN71: No | BQ71: During Visted Find This Borrower Are On Time Paid Also Loan Card and Register Updated In Center Meeting
A72: 68 | B72: West | C72: Maharashtra | D72: Pune | E72: Margao | F72: Margao | G72: GA2702 | H72: Sanquelim | I72: 38597 | J72: Bichoalim | K72: 38597 | L72: SF0101636 | M72: Ramesh Suresh Milaganavar | N72: 58354 | O72: 508061 | P72: 701489 | Q72: 508061 Sunflower3 | R72: Unnati | S72: SSF6503200 | T72: SSF6503200 | U72: OBC | V72: MUSLIM | W72: 0 | X72: Agriculture & Farming | Y72: 359410246 | Z72: SALIMMA RAJASAB SHILEDAR | AA72: 01-Jul-2025 | AB72: 30000 | AC72: 4 | AD72: 18 | AE72: IL-1 | AF72: 1.66 Yrs | AG72: 23 Oct 2024 | AH72: <= 2 Years | AI72: 04-Aug-2025 | AJ72: 2010 | AK72: 2010 | AL72: 04-Jun-2026 | AM72: 16892.47 | AN72: 5217.53 | AO72: 22110 | AP72: 13107.53 | AQ72: 1117.47 | AR72: 14225 | AS72: 0 | AT72: 0 | AU72: 0 | AV72: 11 | BB72: Open | BE72: 0 | BF72: SSF6503200 | BG72: 7972226727 | BH72: Vaibhav Bhoi/SF0044947 | BI72: Visited | BJ72: 46204 | BK72: Borrower Available | BL72: Borrower | BM72: Available | BN72: No | BQ72: During Visted Find This Borrower Are On Time Paid Also Loan Card and Register Updated In Center Meeting
A73: 69 | B73: West | C73: Maharashtra | D73: Pune | E73: Margao | F73: Margao | G73: GA2702 | H73: Sanquelim | I73: 38656 | J73: Koparde | K73: 38656 | L73: SF0103360 | M73: Parshuram Sitaram Naik | N73: 549809 | O73: Koparde C3 | P73: 913436 | Q73: SANTOSHI 3 C3 G3 | R73: Chetana | S73: SID951374703479 | T73: SID951374703479 | U73: GENERAL | V73: HINDU | W73: 0 | X73: Tarpaulin Sheet Business | Y73: 358961007 | Z73: SMITA NARESH NAIK | AA73: 21-Nov-2024 | AB73: 47000 | AC73: 6 | AD73: 30 | AE73: GL-4 | AF73: 7.21 Yrs | AG73: 21 Jan 2021 | AH73: > 6 to 10 Years | AI73: 06-Jan-2025 | AJ73: 2090 | AK73: 2090 | AL73: 06-Jun-2026 | AM73: 24162.09 | AN73: 13457.91 | AO73: 37620 | AP73: 22837.91 | AQ73: 3142.09 | AR73: 25980 | AS73: 0 | AT73: 0 | AU73: 0 | AV73: 18 | BB73: Open | BE73: 0 | BF73: SID951374703479 | BG73: 9421751416 | BH73: Vaibhav Bhoi/SF0044947 | BI73: Visited | BJ73: 46204 | BK73: Borrower Available | BL73: Borrower | BM73: Available | BN73: No | BQ73: During Visted Find This Borrower Are On Time Paid Also Loan Card and Register Updated In Center Meeting
A74: 70 | B74: West | C74: Maharashtra | D74: Pune | E74: Margao | F74: Margao | G74: GA2702 | H74: Sanquelim | I74: 38597 | J74: Bichoalim | K74: 38597 | L74: SF0101636 | M74: Ramesh Suresh Milaganavar | N74: 58354 | O74: 508061 | P74: 701489 | Q74: 508061 Sunflower3 | R74: Chetana | S74: SSF6512934 | T74: SSF6512934 | U74: GENERAL | V74: MUSLIM | W74: 0 | X74: Agriculture & Farming | Y74: 358412889 | Z74: SUMITRA MANJUNATH HOSAMANI | AA74: 23-Oct-2024 | AB74: 42000 | AC74: 4 | AD74: 24 | AE74: GL-1 | AF74: 1.66 Yrs | AG74: 23 Oct 2024 | AH74: <= 2 Years | AI74: 04-Dec-2024 | AJ74: 2240 | AK74: 2240 | AL74: 04-Jun-2026 | AM74: 31096.93 | AN74: 11463.07 | AO74: 42560 | AP74: 10903.07 | AQ74: 703.93 | AR74: 11607 | AS74: 0 | AT74: 0 | AU74: 0 | AV74: 19 | BB74: Open | BE74: 0 | BF74: SSF6512934 | BG74: 8095490540 | BH74: Vaibhav Bhoi/SF0044947 | BI74: Visited | BJ74: 46204 | BK74: Borrower Available | BL74: Borrower | BM74: Available | BN74: No | BQ74: During Visted Find This Borrower Are On Time Paid Also Loan Card and Register Updated In Center Meeting
A75: 71 | B75: West | C75: Maharashtra | D75: Pune | E75: Margao | F75: Margao | G75: GA2702 | H75: Sanquelim | I75: 38656 | J75: Koparde | K75: 38656 | L75: SF0101636 | M75: Ramesh Suresh Milaganavar | N75: 58268 | O75: 569397 | P75: 85564 | Q75: SANTOSHI 2 | R75: Chetana | S75: SID951374914118 | T75: SID951374914118 | U75: SC | V75: HINDU | W75: 0 | X75: Construction Activity | Y75: 359443107 | Z75: SUNITA SUBHASH NAIK | AA75: 11-Jul-2025 | AB75: 42000 | AC75: 6 | AD75: 24 | AE75: GL-1 | AF75: 0.95 Yrs | AG75: 22 Dec 2020 | AH75: <= 2 Years | AI75: 06-Aug-2025 | AJ75: 2240 | AK75: 2240 | AL75: 06-Jun-2026 | AM75: 16923.47 | AN75: 7716.53 | AO75: 24640 | AP75: 25076.53 | AQ75: 3737.47 | AR75: 28814 | AS75: 0 | AT75: 0 | AU75: 0 | AV75: 11 | BB75: Open | BE75: 0 | BF75: SID951374914118 | BG75: 9021891770 | BH75: Vaibhav Bhoi/SF0044947 | BI75: Visited | BJ75: 46204 | BK75: Borrower Available | BL75: Borrower | BM75: Available | BN75: No | BQ75: During Visted Find This Borrower Are On Time Paid Also Loan Card and Register Updated In Center Meeting
A76: 72 | B76: West | C76: Maharashtra | D76: Pune | E76: Margao | F76: Margao | G76: GA2702 | H76: Sanquelim | I76: 38597 | J76: Bichoalim | K76: 38597 | L76: SF0101636 | M76: Ramesh Suresh Milaganavar | N76: 58354 | O76: 508061 | P76: 701489 | Q76: 508061 Sunflower3 | R76: Chetana | S76: SSF6503731 | T76: SSF6503731 | U76: GENERAL | V76: HINDU | W76: 0 | X76: Agriculture & Farming | Y76: 358354328 | Z76: TALDHAVA ANAND HOSMANI | AA76: 23-Oct-2024 | AB76: 42000 | AC76: 4 | AD76: 24 | AE76: GL-1 | AF76: 1.66 Yrs | AG76: 23 Oct 2024 | AH76: <= 2 Years | AI76: 04-Dec-2024 | AJ76: 2240 | AK76: 2240 | AL76: 04-Jun-2026 | AM76: 31096.93 | AN76: 11463.07 | AO76: 42560 | AP76: 10903.07 | AQ76: 703.93 | AR76: 11607 | AS76: 0 | AT76: 0 | AU76: 0 | AV76: 19 | BB76: Open | BE76: 0 | BF76: SSF6503731 | BG76: 7507094506 | BH76: Vaibhav Bhoi/SF0044947 | BI76: Visited | BJ76: 46204 | BK76: Borrower Available | BL76: Borrower | BM76: Available | BN76: No | BQ76: During Visted Find This Borrower Are On Time Paid Also Loan Card and Register Updated In Center Meeting
A77: 73 | B77: West | C77: Maharashtra | D77: Pune | E77: Margao | F77: Margao | G77: GA2702 | H77: Sanquelim | I77: 38656 | J77: Koparde | K77: 38656 | L77: SF0103360 | M77: Parshuram Sitaram Naik | N77: 58444 | O77: 637415 | P77: 664766 | Q77: sanju1 637415 G1 | R77: Chetana | S77: SSF3419945 | T77: SSF3419945 | U77: SC | V77: HINDU | W77: 0 | X77: Agriculture & Farming | Y77: 357371542 | Z77: UJWALA SURESH RANE | AA77: 25-Jun-2024 | AB77: 65000 | AC77: 6 | AD77: 24 | AE77: GL-2 | AF77: 3.33 Yrs | AG77: 21 Feb 2023 | AH77: > 2 to 4 Years | AI77: 06-Aug-2024 | AJ77: 3470 | AK77: 3470 | AL77: 12-Jun-2026 | AM77: 60803.66 | AN77: 19006.34 | AO77: 79810 | AP77: 4196.34 | AQ77: 86.66 | AR77: 4283 | AS77: 0 | AT77: 0 | AU77: 0 | AV77: 23 | BB77: Open | BE77: 0 | BF77: SSF3419945 | BG77: 7498608700 | BH77: Vaibhav Bhoi/SF0044947 | BI77: Visited | BJ77: 46204 | BK77: Borrower Available | BL77: Borrower | BM77: Available | BN77: No | BQ77: During Visted Find This Borrower Are On Time Paid Also Loan Card and Register Updated In Center Meeting
A78: 74 | B78: West | C78: Maharashtra | D78: Pune | E78: Margao | F78: Margao | G78: GA2702 | H78: Sanquelim | I78: 38656 | J78: Koparde | K78: 38656 | L78: SF0103360 | M78: Parshuram Sitaram Naik | N78: 549809 | O78: Koparde C3 | P78: 913434 | Q78: SANJU 2 C3 G1 | R78: Chetana | S78: SID951373510776 | T78: SID951373510776 | U78: SC | V78: HINDU | W78: 0 | X78: Agriculture & Farming | Y78: 357477689 | Z78: VINANTI VINAYAK PARWAR | AA78: 30-Jun-2024 | AB78: 80000 | AC78: 6 | AD78: 24 | AE78: GL-5 | AF78: 8.22 Yrs | AG78: 22 Jan 2021 | AH78: > 6 to 10 Years | AI78: 06-Aug-2024 | AJ78: 4270 | AK78: 4270 | AL78: 06-Jun-2026 | AM78: 75244.02 | AN78: 22965.98 | AO78: 98210 | AP78: 4755.98 | AQ78: 98.02 | AR78: 4854 | AS78: 0 | AT78: 0 | AU78: 0 | AV78: 23 | BB78: Open | BE78: 0 | BF78: SID951373510776 | BG78: 9028411384 | BH78: Vaibhav Bhoi/SF0044947 | BI78: Visited | BJ78: 46204 | BK78: Borrower Available | BL78: Borrower | BM78: Available | BN78: No | BQ78: During Visted Find This Borrower Are On Time Paid Also Loan Card and Register Updated In Center Meeting
A79: 75 | B79: West | C79: Maharashtra | D79: Pune | E79: Margao | F79: Margao | G79: GA2702 | H79: Sanquelim | I79: 38597 | J79: Bichoalim | K79: 38597 | L79: SF0103360 | M79: Parshuram Sitaram Naik | N79: 58342 | O79: 443028 | P79: 85812 | Q79: Dattatreya | R79: Chetana | S79: SSF2347778 | T79: SSF2347778 | U79: HINDU | V79: HINDU | W79: 0 | X79: Agriculture & Farming | Y79: 357822643 | Z79: KASHISH KISHOR GOSAVI | AA79: 31-Jul-2024 | AB79: 42000 | AC79: 5 | AD79: 24 | AE79: GL-2 | AF79: 3.96 Yrs | AG79: 11 Feb 2022 | AH79: > 2 to 4 Years | AI79: 05-Sep-2024 | AJ79: 2240 | AK79: 2240 | AL79: 22-Dec-2025 | AM79: 25402.2 | AN79: 10437.8 | AO79: 35840 | AP79: 16597.8 | AQ79: 1610.2 | AR79: 18208 | AS79: 11978.08 | AT79: 1461.92 | AU79: 13440 | AV79: 22 | BB79: Open | BE79: 0 | BF79: SSF2347778 | BG79: 8552860147 | BH79: Umesh Halmare/SF0031505 | BI79: Visited | BJ79: 46195 | BK79: Borrower Not Available | BL79: Borrower Family Member | BM79: Not Available | BN79: No | BQ79: Branch Staff not aware the borrower house so confirm by calling, During calling verify as Co borrower accepted the remaining the outstanding which will pay ASAP. Not said about the current address.
A80: 76 | B80: West | C80: Maharashtra | D80: Pune | E80: Margao | F80: Margao | G80: GA2702 | H80: Sanquelim | I80: 38652 | J80: Muslim Wada | K80: 38652 | L80: SF0101636 | M80: Ramesh Suresh Milaganavar | N80: 58449 | O80: 605198 | P80: 85793 | Q80: NANDINI | R80: Chetana | S80: SSF5730622 | T80: SSF5730622 | U80: SC | V80: HINDU | W80: 541 | X80: Agriculture & Farming | Y80: 355668541 | Z80: REKHA RAMESH ASANKAR | AA80: 06-Mar-2024 | AB80: 37000 | AC80: 5 | AD80: 24 | AE80: 1 | AF80: 2.30 Yrs | AG80: 06 Mar 2024 | AH80: > 2 to 4 Years | AI80: 05-Apr-2024 | AJ80: 1970 | AK80: 1970 | AL80: 19-Aug-2025 | AM80: 24168.2 | AN80: 9321.8 | AO80: 33490 | AP80: 12831.8 | AQ80: 1105.2 | AR80: 13937 | AS80: 12831.8 | AT80: 1105.2 | AU80: 13937 | AV80: 27 | BB80: Open | BE80: 0 | BF80: SSF5730622 | BG80: 9309232415 | BH80: Umesh Halmare/SF0031505 | BI80: Visited | BJ80: 46195 | BK80: Borrower Not Available | BL80: Borrower Family Member | BM80: Not Available | BN80: No | BQ80: Branch Staff not aware the borrower house so confirm by calling, During calling verify as Co borrower accepted the remaining the outstanding which will pay ASAP. Not said about the current address.
A81: 77 | B81: West | C81: Maharashtra | D81: Pune | E81: Margao | F81: Margao | G81: GA2702 | H81: Sanquelim | I81: 38591 | J81: Marcela | K81: 38591 | L81: SF0101636 | M81: Ramesh Suresh Milaganavar | N81: 287993 | O81: Marcela C1 | P81: 378791 | Q81: Marcela C1 Samrath 21 | R81: Chetana | S81: SSF2284667 | T81: SSF2284667 | U81: GENERAL | V81: HINDU | W81: 541 | X81: Agriculture & Farming | Y81: 353517039 | Z81: SEEMA SANJAY KUNDRI | AA81: 02-Nov-2023 | AB81: 52000 | AC81: 10 | AD81: 24 | AE81: 2 | AF81: 4.42 Yrs | AG81: 21 Jan 2022 | AH81: > 4 to 6 Years | AI81: 10-Dec-2023 | AJ81: 2780 | AK81: 2780 | AL81: 25-Apr-2026 | AM81: 29101.84 | AN81: 12598.16 | AO81: 41700 | AP81: 22898.16 | AQ81: 2449.84 | AR81: 25348 | AS81: 22898.16 | AT81: 2449.84 | AU81: 25348 | AV81: 31 | BB81: Open | BE81: 0 | BF81: SSF2284667 | BG81: 8329976617 | BH81: Umesh Halmare/SF0031505 | BI81: Visited | BJ81: 46195 | BK81: Borrower Not Available | BL81: Borrower Family Member | BM81: Not Available | BN81: No | BQ81: Borrower gave loan to relative which not paid the amount; During visit not meet but confirm on calling as availble outstanding which will pay ASAP commit co borrower.
A82: 78 | B82: West | C82: Maharashtra | D82: Pune | E82: Margao | F82: Margao | G82: GA2702 | H82: Sanquelim | I82: 38597 | J82: Bichoalim | K82: 38597 | L82: SF0101636 | M82: Ramesh Suresh Milaganavar | N82: 306173 | O82: Bicholim C12 | P82: 416215 | Q82: Bicholim C1 sangeeta 21 | R82: Chetana | S82: SID82898 | T82: SID82898 | U82: GENERAL | V82: HINDU | W82: 0 | X82: Agriculture & Farming | Y82: 356060430 | Z82: SAVITRI APPA DESAI | AA82: 22-Mar-2024 | AB82: 72000 | AC82: 5 | AD82: 24 | AE82: 3 | AF82: 8.22 Yrs | AG82: 06 Apr 2018 | AH82: > 6 to 10 Years | AI82: 05-May-2024 | AJ82: 3840 | AK82: 3840 | AL82: 07-Sep-2025 | AM82: 46158.66 | AN82: 19121.34 | AO82: 65280 | AP82: 25841.34 | AQ82: 2268.66 | AR82: 28110 | AS82: 25841.34 | AT82: 2268.66 | AU82: 28110 | AV82: 26 | BB82: Open | BE82: 0 | BF82: SID82898 | BG82: 8390970319 | BH82: Umesh Halmare/SF0031505 | BI82: Visited | BJ82: 46195 | BK82: Borrower Not Available | BL82: Borrower Family Member | BM82: Not Available | BN82: No | BQ82: Intentionly not pay the amount confirm during calling; Not said about her address.
A83: 79
A84: 80
A85: 81
A86: 82
A87: 83
A88: 84
A89: 85
A90: 86
A91: 87
A92: 88
A93: 89
A94: 90
... A219: 215
A220: 216 | BQ220: Confirm From group Member borrower Loan card not available and borrower not available during visit
A221: 217 | BQ221: Confirm From group Member borrower Loan card not available and borrower not available during visit
A222: 218
A223: 219 | BQ223: Confirm from borrower family member and Loan card not found during visit
A224: 220 | BQ224: Confirm from borrower family member and Loan card not found during visit
...
